 Dungeon Crawl Stone Soup version 0.30-a0-219-gf2db51d15e (webtiles) character file.

Game seed: 5314642268058033778

406744 sleeves the Ninja (level 24, 0/135 HPs)
             Began as a Kobold Reaver on Oct 6, 2022.
             Was the Champion of Wu Jian.
             Slain by a juggernaut simulacrum (8 damage)
             ... led by Josephina
             ... on level 3 of the Depths on Oct 7, 2022.
             The game lasted 04:00:25 (68397 turns).

sleeves the Ninja (Kobold Reaver)                  Turns: 68397, Time: 04:00:26

Health: 0/135      AC: 28    Str:  7    XL:     24   Next: 54%
Magic:  30/36      EV: 22    Int: 16    God:    Wu Jian [******]
Gold:   4463       SH: 12    Dex: 23    Spells: 9/42 levels left

rFire   + . .      SeeInvis +    d - +9 quick blade (elec)
rCold   + + .      Faith    .    B - +3 buckler {AC+3}
rNeg    . . .      Spirit   .    Q - +3 ring mail of the Turtledove {Will+}
rPois   +          Reflect  .    g - +3 helmet of Jolub {rPois rC+ Str-3 Dex+4}
rElec   +          Harm     .    F - scarf {rC+ rF+}
rCorr   .          Rampage  .    A - +2 pair of gloves
Will    ++...      NoTele   +    C - +2 pair of boots {Stlth+} Stlth *+++++++++
                                 u - amulet of Iqost {RegenMP rElec rPois Dex-3 Slay+3}
HPRegen 0.42/turn                R - ring of see invisible
MPRegen 0.65/turn                r - +4 ring of protection

@: exhausted, stuck, very slightly contaminated, studying Evocations
A: small, no large weapons, nightstalker 3, talons 1, frail 1
}: 2/15 runes: decaying, serpentine
a: Renounce Religion, Wall Jump, Serpent's Lash, Heavenly Storm


You were on level 3 of the Depths.
You worshipped Wu Jian.
Wu Jian was exalted by your worship.
You visited 9 branches of the dungeon, and saw 42 of its levels.
You also visited: Sewer and Gauntlet.

You collected 5768 gold pieces.
You spent 1305 gold pieces at shops.

Inventory:

Hand Weapons
 a - a +6 eudemon blade of holy wrath
   (You took it off Mennas on level 2 of the Vaults)
 b - the +5 short sword of the Summoning Oracle {flame, Fly Str+3 Stlth+}
   (You found it on level 11 of the Dungeon)

   It burns those it strikes, dealing additional fire damage.
   Str:       It affects your strength (+3).
   Fly:       It grants you flight.
   Stlth:     It makes you more stealthy.
 d - a +9 quick blade of electrocution (weapon)
   (You took it off a spriggan defender on level 3 of the Depths)
Missiles
 O - 8 curare-tipped darts
Armour
 g - the +3 helmet of Jolub (worn) {rPois rC+ Str-3 Dex+4}
   (You acquired it on level 3 of the Lair of Beasts)

   Str:       It affects your strength (-3).
   Dex:       It affects your dexterity (+4).
   rC:        It protects you from cold.
   rPois:     It protects you from poison.
 A - a +2 pair of gloves (worn)
   (You found it on level 4 of the Depths)
 B - a +3 buckler of protection (worn)
   (You found it on level 3 of the Elven Halls)
 C - a +2 pair of boots of stealth (worn)
   (You bought it in a shop on level 1 of the Orcish Mines)
 F - a scarf of resistance (worn)
   (You found it on level 3 of the Elven Halls)
 N - a +4 ring mail of cold resistance
   (You took it off Joseph on level 7 of the Dungeon)
 Q - the +3 ring mail of the Turtledove (worn) {Will+}
   (You took it off a deep elf high priest on level 3 of the Elven Halls)

   Will:      It increases your willpower.
 X - a scarf of repulsion
   (You found it on level 14 of the Dungeon)
Jewellery
 r - a +4 ring of protection (right hand)
   (You found it on level 3 of the Dungeon)
 u - the amulet of Iqost (around neck) {RegenMP rElec rPois Dex-3 Slay+3}
   (You found it in a sewer)

   [amulet of magic regeneration]

   It increases your rate of magic regeneration.
   Dex:       It affects your dexterity (-3).
   Slay:      It affects your accuracy & damage with ranged weapons and melee
   (+3).
   rElec:     It insulates you from electricity.
   rPois:     It protects you from poison.
 H - a ring of willpower
   (You found it on level 13 of the Dungeon)
 K - a ring of protection from fire
   (You found it on level 3 of the Elven Halls)
 L - the ring of Inuugg {Wiz rCorr Dex+4 Stlth+}
   (You took it off a deep elf annihilator on level 3 of the Elven Halls)

   [ring of wizardry]

   It improves your spell success rate.
   Dex:       It affects your dexterity (+4).
   rCorr:     It protects you from acid and corrosion.
   Stlth:     It makes you more stealthy.
 M - the brooch of Shielding {Spirit SH+8}
   (You found it on level 1 of the Vaults)

   [amulet of guardian spirit]

   It causes incoming damage to be divided between your reserves of health and
   magic.
   SH:        It affects your SH (+8).
 R - a ring of see invisible (left hand)
   (You took it off a deep elf high priest on level 3 of the Elven Halls)
Wands
 o - a wand of digging (37)
   (You took it off Natasha on level 2 of the Dungeon)
 t - a wand of mindburst (7)
   (You found it on level 4 of the Swamp)
 y - a wand of iceblast (19)
   (You took it off Ijyb on level 5 of the Dungeon)
 z - a wand of flame (68) (quivered)
   (You found it on level 6 of the Dungeon)
 S - a wand of quicksilver (3)
   (You found it on level 10 of the Dungeon)
Scrolls
 c - 3 scrolls of blinking
 e - 8 scrolls of vulnerability
 f - 4 scrolls of teleportation
 i - 5 scrolls of butterflies
 q - 7 scrolls of immolation
 v - 13 scrolls of identify
 w - 7 scrolls of amnesia
 E - 4 scrolls of torment
 J - 8 scrolls of magic mapping
 P - 11 scrolls of poison
 U - 7 scrolls of enchant armour
 W - 2 scrolls of fear
 Y - 3 scrolls of brand weapon
Potions
 j - 2 potions of flight
 k - 27 potions of curing
 l - 4 potions of mutation
 m - 2 potions of invisibility
 n - 5 potions of ambrosia
 p - 4 potions of might
 s - 6 potions of heal wounds
 D - 2 potions of berserk rage
 G - 3 potions of brilliance
 Z - 2 potions of resistance
Miscellaneous
 h - a box of beasts (inert)
   (You found it on level 4 of the Lair of Beasts)
 x - a phantom mirror (inert)
   (You found it on level 3 of the Vaults)
 I - a lightning rod (4/4)
   (You found it on level 9 of the Dungeon)
 V - a tin of tremorstones (2/2)
   (You found it on level 3 of the Snake Pit)


   Skills:
 - Level 15.0 Fighting
 - Level 10.5 Short Blades
 - Level 10.0 Armour
 - Level 15.0 Dodging
 O Level 27 Stealth
 - Level 10.0 Shields
 + Level 9.8 Spellcasting
 - Level 3.0 Conjurations
 + Level 12.6 Hexes
 + Level 7.8 Summonings
 - Level 15.0 Translocations
 - Level 20.0 Evocations


You had 9 spell levels left.
You knew the following spells:

 Your Spells              Type           Power      Damage    Failure   Level
a - Kiss of Death         Conj/Necr      48%        2d9       19%         1
b - Dispersal             Tloc           27%        N/A       11%         6
c - Discord               Hex            24%        N/A       100%        8
d - Yara's Violent Unrav  Hex/Tmut       14%        3d7       56%         5
e - Malign Gateway        Summ/Tloc      22%        N/A       95%         7
f - Summon Cactus Giant   Summ           16%        N/A       90%         6

Your spell library contained the following spells:

 Spells                   Type           Power      Damage    Failure   Level
 Momentum Strike          Conj/Tloc      72%        3d10      1%          2
 Gell's Gravitas          Tloc           54%        N/A       1%          3
 Lesser Beckoning         Tloc           100%       N/A       1%          3
 Portal Projectile        Hex/Tloc       100%       N/A       1%          3
 Teleport Other           Tloc           54%        N/A       1%          3
 Ensorcelled Hibernation  Hex/Ice        56%        N/A       3%          2
 Call Canine Familiar     Summ           32%        N/A       4%          3
 Inner Flame              Hex/Fire       28%        N/A       8%          3
 Kindle Blastsparks       Fire/Tloc/Air  46%        2d13      13%         3
 Fulminant Prism          Conj/Hex       16%        3d11      13%         4
 Foxfire                  Conj/Fire      48%        2x1d6     19%         1
 Leda's Liquefaction      Hex/Erth       14%        N/A       24%         4
 Necrotise                Necr           28%        1d5       32%         1
 Cigotuvi's Dreadful Rot  Necr/Pois/Air  14%        N/A       45%         2
 Passwall                 Tmut/Erth      5%         N/A       45%         2
 Poisonous Vapours        Pois/Air       14%        N/A       45%         2
 Hailstorm                Conj/Ice       12%        3d5       47%         3
 Mephitic Cloud           Conj/Pois/Air  11%        N/A       54%         3
 Animate Armour           Summ/Erth      40%        N/A       54%         4
 Summon Lightning Spire   Summ/Air       20%        N/A       54%         4
 Metabolic Englaciation   Hex/Ice        14%        N/A       56%         5
 Ignite Poison            Fire/Tmut/Pois 7%         N/A       69%         3
 Ozocubu's Armour         Ice            7%         N/A       69%         3
 Swiftness                Air            7%         N/A       69%         3
 Vampiric Draining        Necr           7%         2d6       69%         3
 Flame Wave               Conj/Fire      12%        2d6       87%         4
 Airstrike                Air            3%         2d(1-17)  97%         4
 Animate Dead             Necr           7%         N/A       97%         4
 Ice Form                 Ice/Tmut       7%         N/A       97%         4
 Olgreb's Toxic Radiance  Pois           7%         N/A       97%         4
 Fireball                 Conj/Fire      6%         3d5       99%         5
 Freezing Cloud           Conj/Ice/Air   5%         6-21      99%         5
 Lightning Bolt           Conj/Air       6%         1d18      99%         5
 Agony                    Necr           7%         N/A       100%        5
 Blade Hands              Tmut           3%         N/A       100%        5
 Borgnjor's Vile Clutch   Necr/Erth      3%         N/A       100%        5
 Death Channel            Necr           3%         N/A       100%        6
 Iron Shot                Conj/Erth      6%         9d2       100%        6
 Simulacrum               Ice/Necr       3%         N/A       100%        6
 Starburst                Conj/Fire      6%         6d4       100%        6
 Ozocubu's Refrigeration  Ice            3%         4d8       100%        7
 Ignition                 Fire           3%         3d4       100%        8
 Summon Horrible Things   Summ           16%        N/A       100%        8
 Chain Lightning          Conj/Air       6%         3d8       100%        9


Dungeon Overview and Level Annotations

Branches:
Dungeon (15/15)            Temple (1/1) D:4            Lair (5/5) D:11
  Swamp (4/4) Lair:3        Snake (4/4) Lair:2        Slime (0/5) Lair:4
    Orc (2/2) D:9             Elf (3/3) Orc:2        Vaults (4/5) D:14
  Crypt (0/3) Vaults:3     Depths (4/4) D:15            Zot (0/5) Depths:4
  Sewer (visited)         Gauntlet (visited)

Altars:
Ashenzari
Cheibriados
Dithmenos
Elyvilon
Fedhas
Gozag
Hepliaklqana
Kikubaaqudgha
Makhleb
Nemelex Xobeh
Okawaru
Qazlal
Ru
Sif Muna
Trog
Uskayaw
Vehumet
Wu Jian
Xom
Yredelemnul
Zin
The Shining One
Lugonu

Shops:
D:1 :   D:4 *[:   D:5 *   D:6 [   Orc:1 [   Orc:2 ?([(   Elf:1 (   Elf:3 (:
Snake:3 =   Vaults:2 !   Depths:1 :

Portals:
Hell: Depths:1 Depths:2 Depths:3
Abyss: D:15 Snake:3 Depths:1 Depths:3
Pandemonium: Depths:1 Depths:2
Ziggurat: Depths:3
Trove: Elf:1 (give +3 storm dragon scales)

Annotations:
D:8 exclusion: ice statue
D:12 2 runed translucent doors, 1 exclusion
Lair:4 3 runed translucent doors, Daelid's ghost, journeyman MfGl
Swamp:1 exclusion: downstairs
Swamp:2 1 runed translucent door, zishaf's ghost, adept VSBr
Snake:3 2 transporters, Findleman's ghost, adept MiFi
Orc:2 Saint Roka
Elf:1 Roxanne
Elf:2 3 runed translucent doors
Vaults:4 3 runed translucent doors
Depths:3 exclusions: ancient lich and 3 more exclusions


Innate Abilities, Weirdness & Mutations

You are small and have problems with some larger weapons.
You are completely attuned to the shadows.
You have sharp toenails.
You are frail. (-10% HP)


Message History

The vampire knight flickers and vanishes!
Deactivating autopickup; reactivate with Ctrl-A.
You climb upwards.
Level annotation: exclusions: ancient lich and 3 more exclusions, Josephina Reactivating autopickup.
There is a stone staircase leading down here.
No target in view!
No target in view!
No target in view!
No target in view!
No target in view!
No target in view!
No target in view!
You're wearing all the rings you can.
Remove which one? (? for menu, Esc to cancel) < or
L - the ring of Inuugg {Wiz rCorr Dex+4 Stlth+} > or
r - a +4 ring of protection You remove the ring of Inuugg {Wiz rCorr Dex+4 Stlth+}.
R - a ring of see invisible (left hand)
The vampire knight hits you with a +0 great sword!
You block the vampire knight's attack.
You hit the vampire knight but do no damage.
The vampire knight is moderately damaged.
You hit the vampire knight but do no damage.
The vampire knight is moderately damaged.
You hit the vampire knight but do no damage.
The vampire knight is moderately damaged.
The vampire knight hits you with a +0 great sword!
The vampire knight bites you but does no damage.
You puncture the vampire knight!
The vampire knight is heavily damaged.
A spriggan berserker comes into view. It is wielding a +0 antimagic war axe.
You hit the vampire knight.
The vampire knight is heavily damaged.
You hit the vampire knight but do no damage.
Lightning courses through the vampire knight!
The vampire knight is almost destroyed.
You block the vampire knight's attack.
The vampire knight bites you but does no damage.
You hit the vampire knight but do no damage.
The vampire knight is severely damaged.
You puncture the vampire knight!
Lightning courses through the vampire knight!!
You destroy the vampire knight!
The Council accepts your kill.
The sentinel's mark upon you fades away.
The spriggan berserker hits you but does no damage.
You spin and attack the spriggan berserker repeatedly.
You closely miss the spriggan berserker.
You hit the spriggan berserker.
The spriggan berserker is lightly wounded.
You miss the spriggan berserker.
The spriggan berserker is lightly wounded.
You spin and attack the spriggan berserker repeatedly.
You hit the spriggan berserker.
The spriggan berserker is lightly wounded.
You puncture the spriggan berserker!
The spriggan berserker is moderately wounded.
You hit the spriggan berserker but do no damage.
The spriggan berserker is moderately wounded.
You block the spriggan berserker's attack.
The spriggan berserker attacks as you move away!
The spriggan berserker hits you with a +0 antimagic war axe!
You feel your power leaking away.
The spriggan berserker mumbles some strange prayers to Trog.
The elephant goes berserk!
Things that are here:
a +0 great sword; a +1 chain mail of poison resistance
There is an open door here.
The elephant rages.
Your extra speed is starting to run out.
You hear a shout!
There is a stone staircase leading up here.
The elephant rages.
The elephant tramples you!
You stumble backwards!
You are too injured to fight recklessly!
You are too injured to fight recklessly!
You are too injured to fight recklessly!
You are too injured to fight recklessly!
You puncture the elephant!
The elephant is lightly wounded.
You block the elephant's attack. The elephant completely misses you.
You puncture the elephant!
The elephant is moderately wounded.
You hit the elephant.
The elephant is moderately wounded.
You feel yourself slow down.
You puncture the elephant!
The elephant is moderately wounded.
The elephant closely misses you. The elephant barely misses you.
You puncture the elephant!
The elephant is heavily wounded.
You block the elephant's attack.
The elephant trunk-slaps you but does no damage.
You hit the elephant but do no damage.
The elephant is heavily wounded.
You puncture the elephant!
The elephant is heavily wounded.
You block the elephant's attack.
The elephant trunk-slaps you but does no damage.
You hit the elephant.
The elephant is heavily wounded.
You impale the elephant!!
The elephant is severely wounded.
You block the elephant's attack. The elephant completely misses you.
You hit the elephant but do no damage.
The elephant is severely wounded.
You puncture the elephant!
The elephant is almost dead.
The elephant closely misses you. You block the elephant's attack.
You puncture the elephant!
You kill the elephant!
The elephant's corpse disappears in a puff of smoke!
There is a stone staircase leading up, spattered with blood here.
You climb upwards.
There is a stone staircase leading down, spattered with blood here.
You start resting.
An ettin is nearby!
You catch the helpless ettin completely off-guard!
You perforate the ettin like a sieve!!!
The ettin is almost dead.
You hit the ettin but do no damage. Lightning courses through the ettin!!
You kill the ettin!
The Council accepts your kill.
Your phantom mirror has recharged.
No target in view!
You start resting.
HP restored.
There is a stone staircase leading down, spattered with blood here.
You climb downwards.
Level annotation: exclusions: ancient lich and 3 more exclusions, Josephina
There is a stone staircase leading up, spattered with blood here.
There is an open door here.
There is an open door here.
There is an open door here.
There is a stone staircase leading down here.
You climb downwards.
There is a stone staircase leading up here.
k - 27 potions of curing (gained 1)
You hear a grinding noise.
There is an open door here.
You open the door.
Found 33 gold pieces.
A black draconian knight comes into view.
It is wielding a +3 great sword of electrocution.
There is an open door here.
Your muscles tense, ready for explosive movement...
Found 34 gold pieces.
You lunge with incredible momentum at the black draconian knight, in a flurry of attacks.
The helpless black draconian knight fails to defend itself.
You skewer the black draconian knight like a kebab!!!!!!
You blow up the black draconian knight!
The Council accepts your kill.
Your supernatural speed expires.
You now have 4370 gold pieces (gained 33).
There is an empty arch of ancient stone here.
You now have 4404 gold pieces (gained 34).
Things that are here:
a +3 great sword of electrocution; a +0 cloak You open the door.
There is an open door here.
You feel less exhausted.
Found 31 gold pieces and a large garnet ring.
A deep troll earth mage comes into view.
You barely miss the deep troll earth mage.
The deep troll earth mage shouts!
You hit the deep troll earth mage.
The deep troll earth mage is lightly wounded.
The deep troll earth mage bites you but does no damage.
The deep troll earth mage completely misses you.
The deep troll earth mage claws you!
You puncture the deep troll earth mage!
The deep troll earth mage is lightly wounded.
You puncture the deep troll earth mage!
Lightning courses through the deep troll earth mage!
The deep troll earth mage is heavily wounded.
The deep troll earth mage misses you.
The deep troll earth mage completely misses you.
The deep troll earth mage barely misses you.
You hit the deep troll earth mage.
Lightning courses through the deep troll earth mage!
You kill the deep troll earth mage!
The Council accepts your kill.
Found a club.
You now have 4435 gold pieces (gained 31).
T - a ring of ice You drop a ring of ice.
A vampire knight comes into view. It is wielding a +0 great mace.
The vampire knight hits you with a +0 great mace!!
The vampire knight misses you.
You hear a deafening roar!
There is an open door, spattered with blood here.
You hit the vampire knight but do no damage.
You barely miss the vampire knight.
The vampire knight hits you with a +0 great mace!
The vampire knight closely misses you.
You hit the vampire knight.
Lightning courses through the vampire knight!!
The vampire knight is moderately damaged.
You hit the vampire knight but do no damage.
The vampire knight is moderately damaged.
You hit the vampire knight but do no damage.
The vampire knight is moderately damaged.
The vampire knight hits you with a +0 great mace!
You block the vampire knight's attack.
You closely miss the vampire knight.
The vampire knight is moderately damaged.
You hit the vampire knight.
The vampire knight is heavily damaged.
You hit the vampire knight but do no damage.
The vampire knight is heavily damaged.
You block the vampire knight's attack.
The vampire knight bites you but does no damage.
You hit the vampire knight but do no damage.
The vampire knight is heavily damaged.
You completely miss the vampire knight.
The vampire knight is heavily damaged.
You barely miss the vampire knight.
The vampire knight is heavily damaged.
You block the vampire knight's attack. The vampire knight closely misses you.
You hit the vampire knight but do no damage.
The vampire knight is moderately damaged.
You hit the vampire knight but do no damage.
Lightning courses through the vampire knight!
The vampire knight is severely damaged.
The vampire knight draws life force from you!
* * * LOW HITPOINT WARNING * * *
The vampire knight is healed by the life force!
You hit the vampire knight but do no damage.
The vampire knight is heavily damaged.
You puncture the vampire knight!
The vampire knight is severely damaged.
You hit the vampire knight but do no damage.
The vampire knight is severely damaged.
The vampire knight closely misses you. You block the vampire knight's attack.
A great orb of eyes comes into view.
You hit the vampire knight but do no damage.
The vampire knight is severely damaged.
You hit the vampire knight.
The vampire knight is severely damaged.
You hit the vampire knight but do no damage.
The vampire knight is severely damaged.
The great orb of eyes gazes at you. You resist with almost no effort.
The vampire knight mumbles some strange words.
The vampire knight seems to speed up.
You barely miss the vampire knight.
The vampire knight is severely damaged.
You barely miss the vampire knight.
The vampire knight is severely damaged.
The vampire knight mumbles some strange words.
The vampire knight flickers and vanishes for a moment.
You hit the vampire knight but do no damage.
The vampire knight is severely damaged.
You hit the vampire knight.
The vampire knight is severely damaged.
The vampire knight draws life force from you!
* * * LOW HITPOINT WARNING * * *
The vampire knight is healed by the life force!
Aiming: Mindburst
Press: ? - help, Shift-Dir - straight line, f - vampire knight
Aim: a vampire knight, wielding a +0 great mace and wearing a +0 plate armour (severely damaged, fast, slightly transparent, chance to affect: 67%)
The vampire knight's mind is blasted!
You block the vampire knight's attack.
The vampire knight completely misses you.
Aiming: Mindburst
Press: ? - help, Shift-Dir - straight line, f/p - vampire knight
Aim: a vampire knight, wielding a +0 great mace and wearing a +0 plate armour (almost destroyed, fast, slightly transparent, chance to affect: 67%)
The vampire knight's mind is blasted!
You blow up the vampire knight!
The Council accepts your kill.
You barely miss the great orb of eyes.
You hit the great orb of eyes but do no damage.
The great orb of eyes gazes at you. You resist with almost no effort.
You puncture the great orb of eyes!
The great orb of eyes is lightly wounded.
You hit the great orb of eyes but do no damage.
The great orb of eyes is lightly wounded.
You hit the great orb of eyes but do no damage.
Lightning courses through the great orb of eyes!
The great orb of eyes is moderately wounded.
The great orb of eyes bites you.
* * * LOW HITPOINT WARNING * * *
You barely miss the great orb of eyes.
The great orb of eyes is moderately wounded.
You puncture the great orb of eyes!
The great orb of eyes is heavily wounded.
You hit the great orb of eyes.
The great orb of eyes is heavily wounded.
The great orb of eyes barely misses you.
You completely miss the great orb of eyes.
The great orb of eyes is heavily wounded.
You hit the great orb of eyes but do no damage.
The great orb of eyes is heavily wounded.
You completely miss the great orb of eyes.
The great orb of eyes is heavily wounded.
The great orb of eyes bites you!
* * * LOW HITPOINT WARNING * * *
A deep troll shaman comes into view.
The deep troll shaman shouts!
You puncture the great orb of eyes!
The great orb of eyes is severely wounded.
You hear a shout! x4
You completely miss the great orb of eyes.
The great orb of eyes is severely wounded.
You puncture the great orb of eyes!
The great orb of eyes is almost dead.
The great orb of eyes gazes at you. You resist with almost no effort.
You hit the great orb of eyes but do no damage.
The great orb of eyes is almost dead.
You hit the great orb of eyes but do no damage.
Lightning courses through the great orb of eyes!
You kill the great orb of eyes!
The Council accepts your kill.
A vault guard comes into view. It is wielding a +0 bardiche.
You block the vault guard's attack.
You lunge at the vault guard, in a flurry of attacks.
You impale the vault guard!!
The vault guard is moderately wounded.
You closely miss the vault guard.
The vault guard is moderately wounded.
You hit the vault guard.
The vault guard is moderately wounded.
You puncture the vault guard!
Lightning courses through the vault guard!
The vault guard is severely wounded.
You spin and attack the deep troll shaman repeatedly.
You hit the deep troll shaman.
The deep troll shaman is lightly wounded.
You hit the deep troll shaman.
The deep troll shaman is lightly wounded.
You hit the deep troll shaman.
The deep troll shaman is moderately wounded.
You hit the deep troll shaman.
Lightning courses through the deep troll shaman!!
The deep troll shaman is severely wounded.
The vault guard closely misses you.
You block the deep troll shaman's attack. x2
The deep troll shaman misses you.
You spin and attack the vault guard repeatedly.
You hit the vault guard but do no damage.
The vault guard is severely wounded.
You barely miss the vault guard.
The vault guard is severely wounded.
You hit the vault guard.
Lightning courses through the vault guard!
The vault guard is almost dead.
The vault guard hits you but does no damage.
You spin and attack the deep troll shaman repeatedly.
You hit the deep troll shaman but do no damage.
The deep troll shaman is severely wounded.
You hit the deep troll shaman.
The deep troll shaman is almost dead.
You closely miss the deep troll shaman.
The deep troll shaman is almost dead.
You spin and attack the vault guard repeatedly.
You puncture the vault guard!
You kill the vault guard!
The Council accepts your kill.
You block the deep troll shaman's attack.
The deep troll shaman barely misses you.
You block the deep troll shaman's attack.
You spin and attack the deep troll shaman repeatedly.
You closely miss the deep troll shaman.
The deep troll shaman is almost dead.
You hit the deep troll shaman but do no damage.
The deep troll shaman is almost dead.
You closely miss the deep troll shaman.
The deep troll shaman is almost dead.
You block the deep troll shaman's attack.
The deep troll shaman claws you but does no damage.
The deep troll shaman claws you.
* * * LOW HITPOINT WARNING * * *
You puncture the deep troll shaman!
The deep troll shaman is almost dead.
The deep troll shaman bites you but does no damage.
The deep troll shaman claws you.
* * * LOW HITPOINT WARNING * * *
The deep troll shaman misses you.
You puncture the deep troll shaman!
You kill the deep troll shaman!
The Council accepts your kill.
There is an open door here.
Things that are here:
a +3 great sword of electrocution; a +0 cloak You close the door.
You start resting.
HP restored.
You open the door.
There is an open door here.
An ancient lich comes into view.
An ancient lich is nearby!
An ancient lich is nearby!
A lich comes into view.
The lich shouts!
The ancient lich shouts!
You hear a shout!
You hear a deafening roar!
Okay, then.
Your muscles tense, ready for explosive movement...
Your supernatural speed expires.
The ancient lich points at you and mumbles some strange words.
The bolt of acid misses you.
There is an open door here.
You spin and attack the shadow dragon repeatedly.
You strike the helpless shadow dragon from behind!
You perforate the shadow dragon like a sieve!!!
The shadow dragon is moderately wounded.
You hit the shadow dragon but do no damage.
The shadow dragon is moderately wounded.
You closely miss the shadow dragon.
The shadow dragon is moderately wounded.
The shadow dragon breathes negative energy at you.
The bolt of negative energy misses you.
You spin and attack the shadow dragon repeatedly.
You barely miss the shadow dragon.
The shadow dragon is moderately wounded.
You hit the shadow dragon.
The shadow dragon is heavily wounded.
You hit the shadow dragon but do no damage.
Lightning courses through the shadow dragon!!
The shadow dragon is heavily wounded.
The shadow dragon bites you but does no damage.
The shadow dragon claws you but does no damage.
You block the shadow dragon's attack.
You see here a +0 trident.
You spin and attack the shadow dragon repeatedly.
You hit the shadow dragon but do no damage.
The shadow dragon is heavily wounded.
You hit the shadow dragon but do no damage.
The shadow dragon is heavily wounded.
You hit the shadow dragon but do no damage.
The shadow dragon is heavily wounded.
You block the shadow dragon's attack. The shadow dragon misses you.
The shadow dragon claws you but does no damage.
There is a stone staircase leading up here.
The shadow dragon misses you. x2
The shadow dragon completely misses you.
You climb upwards.
Level annotation: exclusions: ancient lich and 3 more exclusions, Josephina
There is a stone staircase leading down here.
You barely miss the shadow dragon.
The shadow dragon is heavily wounded.
You completely miss the shadow dragon.
The shadow dragon is heavily wounded.
The shadow dragon barely misses you.
The shadow dragon claws you but does no damage.
You block the shadow dragon's attack.
You hit the shadow dragon but do no damage.
The shadow dragon is heavily wounded.
You puncture the shadow dragon!
The shadow dragon is severely wounded.
You hit the shadow dragon.
The shadow dragon is severely wounded.
The shadow dragon breathes negative energy at you.
The bolt of negative energy misses you.
You puncture the shadow dragon!
The shadow dragon is severely wounded.
You puncture the shadow dragon!
The shadow dragon is severely wounded.
You hit the shadow dragon but do no damage.
The shadow dragon is severely wounded.
You feel less exhausted. You block the shadow dragon's attack.
The shadow dragon misses you. The shadow dragon barely misses you.
You puncture the shadow dragon!
The shadow dragon is almost dead.
You hit the shadow dragon but do no damage.
The shadow dragon is almost dead.
You block the shadow dragon's attack. The shadow dragon misses you.
The shadow dragon claws you.
You hit the shadow dragon but do no damage.
The shadow dragon is almost dead.
You hit the shadow dragon.
The shadow dragon is almost dead.
You puncture the shadow dragon!
The shadow dragon is almost dead.
The shadow dragon breathes negative energy at you.
The bolt of negative energy misses you.
You hit the shadow dragon.
You kill the shadow dragon!
The Council accepts your kill.
The shadow dragon scales are intact enough to wear.
Things that are here:
+0 shadow dragon scales; a shadow dragon corpse HP restored.
There is an open door here.
You see here a +0 spear.
You now have 4463 gold pieces (gained 28).
You see here a +1 great sword of flaming.
There is an open door here.
There is an open door here.
Josephina is nearby!
Josephina is nearby!
Your muscles tense, ready for explosive movement...
A shadow dragon simulacrum comes into view.
There is an open door here.
You completely miss Josephina.
Josephina shouts!
Press: ? - help, v - describe, . - travel
Here: Josephina, wielding a staff of cold, wearing a +2 robe of cold resistance and wearing the ring "Roudasue" {Ice Dex+6} The floor.
Unknown command.
Unknown command.
Unknown command.
Unknown command.
Okay, then.
Press: ? - help, v - describe, . - travel
Here: Josephina, wielding a staff of cold, wearing a +2 robe of cold resistance and wearing the ring "Roudasue" {Ice Dex+6} The floor.
Unknown command.
Unknown command.
Unknown command.
Unknown command.
Unknown command.
Unknown command.
Okay, then.
Okay, then.
Press: ? - help, v - describe, . - travel
Here: Josephina, wielding a staff of cold, wearing a +2 robe of cold resistance and wearing the ring "Roudasue" {Ice Dex+6} The floor.
Unknown command.
Unknown command.
Unknown command.
Unknown command.
As you read the scroll of teleportation, it crumbles to dust.
You feel strangely unstable. Josephina hits you but does no damage.
Josephina freezes you! You block Josephina's attack.
You puncture Josephina! Lightning courses through Josephina!
Josephina is lightly damaged.
Josephina completely misses you.
Josephina touches you but does no damage.
A juggernaut simulacrum comes into view.
You miss Josephina.
Josephina is lightly damaged.
You hit Josephina but do no damage.
Josephina is lightly damaged.
The spark wasp simulacrum completely misses you.
Josephina hits you with a staff of cold.
Josephina freezes you!! You resist. Josephina freezes you.
You block Josephina's attack.
You barely miss Josephina.
Josephina is lightly damaged.
You closely miss Josephina.
Josephina is lightly damaged.
The spark wasp simulacrum completely misses you.
You puncture Josephina! Lightning courses through Josephina!
Josephina is moderately damaged.
Josephina hits you but does no damage. Josephina freezes you.
You block Josephina's attack.
You puncture Josephina!
Josephina is moderately damaged.
The spark wasp simulacrum hits you but does no damage.
You hit Josephina.
Josephina is moderately damaged.
You barely miss Josephina.
Josephina is moderately damaged.
Josephina gestures at you while chanting.
The ghostly flame explodes!
The ghostly fireball engulfs you!
You feel drained.
The ghostly fireball engulfs Josephina.
Josephina completely resists.
The ghostly fireball engulfs the spark wasp simulacrum.
The spark wasp simulacrum completely resists.
You hear a shout!
You hit Josephina.
Josephina is moderately damaged.
The spark wasp simulacrum hits you but does no damage.
You closely miss Josephina.
Josephina is moderately damaged.
You hit Josephina. Lightning courses through Josephina!
Josephina is heavily damaged.
Your surroundings suddenly seem different.
Your supernatural speed expires.
You start resting.
You feel less exhausted.
There is a stone staircase leading up here.
You start resting.
HP restored.
There is a stone staircase leading down here.
There is an open door here.
There is an open door here.
Found a robe.
Found a piece from Xom's chessboard (15/15).
There is an open door here.
A frost giant comes into view.
It is wielding a +0 battleaxe of freezing.
The frost giant points at you and mumbles some strange words.
The bolt of cold misses you.
The frost giant points at you and mumbles some strange words.
The bolt of cold misses you.
You hear a horrible gurgling sound!
A white very ugly thing comes into view.
You hear an angry buzzing noise.
You hear a shout! x3; You hear a loud rustle.
You puncture the frost giant!
The frost giant is lightly wounded.
The frost giant gestures at you while chanting.
The bolt of cold misses you. The frost giant casts a spell at you.
The bolt of cold hits you. You resist.
You hear an angry buzzing noise.
You hear a shout!
A spark wasp comes into view.
You swing at nothing.
You swing at nothing.
You swing at nothing.
You swing at nothing.
You swing at nothing.
You hit the spark wasp.
The spark wasp is lightly wounded.
You hit the spark wasp.
The spark wasp is lightly wounded.
The spark wasp barely misses you.
You barely miss the spark wasp.
The spark wasp is lightly wounded.
You hit the spark wasp.
The spark wasp is lightly wounded.
The spark wasp stings you. The spark wasp shocks you. You resist.
You puncture the spark wasp!
The spark wasp is moderately wounded.
You hit the spark wasp.
The spark wasp is moderately wounded.
The spark wasp stings you! The spark wasp shocks you. You resist.
You hit the spark wasp but do no damage.
The spark wasp is moderately wounded.
You hit the spark wasp.
The spark wasp is heavily wounded.
You block the spark wasp's attack.
You barely miss the spark wasp.
The spark wasp is moderately wounded.
The spark wasp completely misses you.
You barely miss the spark wasp.
The spark wasp is moderately wounded.
Your +9 quick blade of electrocution stops crackling.
You feel stronger.
You fly up into the air.
The +5 short sword of the Summoning Oracle {flame, Fly Str+3 Stlth+} bursts into flame!
b - the +5 short sword of the Summoning Oracle (weapon)
{flame, Fly Str+3 Stlth+} The spark wasp stings you!
The spark wasp shocks you. You resist.
You closely miss the spark wasp.
The spark wasp is moderately wounded.
The spark wasp misses you.
You puncture the spark wasp! You burn the spark wasp.
The spark wasp is heavily wounded.
You block the spark wasp's attack.
You closely miss the spark wasp.
The spark wasp is heavily wounded.
You puncture the spark wasp! You burn the spark wasp.
The spark wasp is severely wounded.
The spark wasp stings you but does no damage.
You hit the spark wasp. You burn the spark wasp.
The spark wasp is severely wounded.
You block the spark wasp's attack.
You hit the spark wasp. You burn the spark wasp.
The spark wasp is severely wounded.
The spark wasp stings you but does no damage.
You hit the spark wasp but do no damage.
The spark wasp is severely wounded.
You block the spark wasp's attack.
You miss the spark wasp.
The spark wasp is severely wounded.
You miss the spark wasp.
The spark wasp is severely wounded.
You block the spark wasp's attack.
You puncture the spark wasp! You burn the spark wasp.
The spark wasp is almost dead.
The spark wasp bursts into living lightning!
The living lightning hits you. You resist.
The spark wasp blinks!
The frost giant casts a spell at you. The bolt of cold misses you.
You lunge at the spark wasp, in a flurry of attacks.
You hit the spark wasp. You burn the spark wasp.
You kill the spark wasp!
The Council accepts your kill.
The frost giant gestures at you while chanting.
The bolt of cold misses you.
You float gracefully downwards.
The +5 short sword of the Summoning Oracle {flame, Fly Str+3 Stlth+} stops flaming.
You hear the crackle of electricity.
d - a +9 quick blade of electrocution (weapon)
You see here a spark wasp corpse.
You lunge at the frost giant, in a flurry of attacks.
You hit the frost giant.
Lightning courses through the frost giant!!
The frost giant is moderately wounded.
You hit the frost giant.
The frost giant is moderately wounded.
You hit the frost giant.
Lightning courses through the frost giant!
The frost giant is heavily wounded.
The frost giant closely misses you.
You hit the frost giant.
The frost giant is heavily wounded.
You hit the frost giant.
The frost giant is heavily wounded.
You block the frost giant's attack.
You barely miss the frost giant.
The frost giant is heavily wounded.
You hit the frost giant.
The frost giant is heavily wounded.
You completely miss the frost giant.
The frost giant is heavily wounded.
The frost giant hits you with a +0 battleaxe of freezing!
You puncture the frost giant!
Lightning courses through the frost giant!
The frost giant is severely wounded.
You hit the frost giant but do no damage.
The frost giant is severely wounded.
You hit the frost giant.
The frost giant is severely wounded.
The frost giant completely misses you.
You puncture the frost giant!
Lightning courses through the frost giant!
The frost giant is almost dead.
You hit the frost giant.
Lightning courses through the frost giant!!
You kill the frost giant!
The Council accepts your kill.
You start resting.
HP restored.
Things that are here:
a +0 battleaxe of freezing; a frost giant corpse You see here a spark wasp corpse.
You see here a spark wasp corpse.
Things that are here:
a +0 battleaxe of freezing; a frost giant corpse A walking earthen tome comes into view.
The walking earthen tome moves out of view.
Press: ? - help, v - describe, . - travel
Here: a walking earthen tome (wandering, hasn't noticed you)
The floor.
Unknown command.
Unknown command.
You lunge at the walking earthen tome, in a flurry of attacks.
The walking earthen tome's pages rustle loudly.
You puncture the walking earthen tome!
Lightning courses through the walking earthen tome!
The walking earthen tome is moderately damaged.
You hit the walking earthen tome.
The walking earthen tome is moderately damaged.
You hit the walking earthen tome but do no damage.
The walking earthen tome is moderately damaged.
The walking earthen tome hits you!!
There is an open door, spattered with blood here.
You hit the walking earthen tome but do no damage.
The walking earthen tome is moderately damaged.
You puncture the walking earthen tome!
Lightning courses through the walking earthen tome!!
The walking earthen tome is heavily damaged.
You hit the walking earthen tome.
The walking earthen tome is severely damaged.
The walking earthen tome hits you!!
You hit the walking earthen tome.
The walking earthen tome is severely damaged.
You hit the walking earthen tome.
Lightning courses through the walking earthen tome!
The walking earthen tome is severely damaged.
The walking earthen tome erupts in a flurry of living spells!
You hit the walking earthen tome but do no damage.
The walking earthen tome is severely damaged.
You barely miss the walking earthen tome.
The walking earthen tome is severely damaged.
You hit the walking earthen tome but do no damage.
The walking earthen tome is severely damaged.
The living spell casts itself at you.
You are slowing down.
The living spell casts itself at you. You resist with some effort.
You block the walking earthen tome's attack.
Unknown command.
Unknown command.
Unknown command.
Unknown command.
Unknown command.
Unknown command.
Okay, then.
Press: ? - help, v - describe, . - travel
Here: a walking earthen tome (severely damaged)
The floor.
Unknown command.
Unknown command.
Unknown command.
You fade into invisibility!
The living spell casts itself at you.
The walking earthen tome is unaffected.
The walking earthen tome hits you but does no damage.
Your limbs are stiffening.
You hit the walking earthen tome but do no damage.
The walking earthen tome is severely damaged.
Unknown command.
You have turned to stone.
The walking earthen tome's pages rustle loudly.
The walking earthen tome hits you but does no damage.
You turn to flesh and can move again.
Unknown command.
You strike the helpless walking earthen tome from behind!
You stick the walking earthen tome like a pincushion!!!
You destroy the walking earthen tome!
The Council accepts your kill.
Your box of beasts has recharged.
Your life force feels restored.
There is an open door here.
You flicker for a moment.
You flicker back into view.
There is an open door here.
Found a ring mail.
There is an open door, spattered with blood here.
You see here a +0 robe.
A tengu reaver comes into view.
It is wielding a +0 battleaxe and wearing a +3 ring mail of cold resistance.
A tengu reaver is nearby!
A spriggan defender comes into view.
It is wielding a +4 demon whip of venom.
The spriggan defender shouts!
You hear a shout!
The tengu reaver shouts!
You hear a shout! x2
A spriggan defender comes into view.
It is wielding a +3 demon whip of venom.
The spriggan defender moves out of view.
You puncture the tengu reaver!
Lightning courses through the tengu reaver!
The tengu reaver is moderately wounded.
A stone giant comes into view.
You open the lid... ...and an elder firesting beast leaps out!
The box is emptied!
The tengu reaver hits you but does no damage.
The tengu reaver barely misses you. The tengu reaver misses you.
You puncture the tengu reaver!
The tengu reaver is moderately wounded.
The tengu reaver misses you. You block the tengu reaver's attack.
The tengu reaver claws you but does no damage.
You closely miss the tengu reaver.
The tengu reaver is moderately wounded.
Your elder firesting beast breathes flames at the tengu reaver.
The blast of flame hits the tengu reaver!!
The blast of flame hits the spriggan defender!!!!
The spriggan defender dies!
The Council accepts your kill.
You closely miss the tengu reaver.
The tengu reaver is heavily wounded.
You puncture the tengu reaver!
The tengu reaver is severely wounded.
Your elder firesting beast barely misses the tengu reaver.
The tengu reaver hits you with a +0 battleaxe!
The tengu reaver pecks you but does no damage.
You block the tengu reaver's attack.
You puncture the tengu reaver!
Lightning courses through the tengu reaver!
The tengu reaver is almost dead.
A spriggan air mage comes into view.
You barely miss the tengu reaver.
The tengu reaver is almost dead.
You hit the tengu reaver but do no damage.
The tengu reaver is almost dead.
Your elder firesting beast stings the tengu reaver but does no damage.
You puncture the tengu reaver!
Lightning courses through the tengu reaver!
You kill the tengu reaver!
The Council accepts your kill.
You puncture the spriggan defender!
The spriggan defender is lightly wounded.
You puncture the spriggan defender!
The spriggan defender is moderately wounded.
The spriggan defender blocks your elder firesting beast's attack.
Your elder firesting beast misses the spriggan defender.
A spriggan air mage comes into view.
You hit the spriggan defender.
The spriggan defender is moderately wounded.
The spriggan defender closely misses you.
The spriggan defender blocks your attack.
The spriggan defender is moderately wounded.
The spriggan air mage hits you.
You hit the spriggan defender.
Lightning courses through the spriggan defender!!
The spriggan defender is heavily wounded.
Your elder firesting beast breathes flames at the spriggan defender.
The blast of flame hits the spriggan defender!!!
The spriggan defender dies!
The Council accepts your kill.
The blast of flame hits the spriggan air mage!!!
The spriggan air mage dies!
The Council accepts your kill.
The stone giant throws a large rock.
The large rock hits you!!
The spriggan air mage gestures at you while chanting.
The bolt of lightning hits you! You resist.
Your elder firesting beast breathes flames at the stone giant.
The blast of flame hits the stone giant!!!
The blast of flame hits the spriggan air mage!!!!
The spriggan air mage dies!
The Council accepts your kill.
You puncture the stone giant!
Lightning courses through the stone giant!
The stone giant is almost dead.
You hit the stone giant but do no damage.
The stone giant is almost dead.
The stone giant closely misses you.
You hit the stone giant.
You kill the stone giant!
The Council accepts your kill.
Items here: ( ) [[ †.
You see here a +0 robe.
Things that are here:
a +4 demon whip of venom; a +0 robe; a +0 buckler You start resting.
Josephina is nearby!
What are your orders? t - Shout!
Orders for allies: a - Attack new target. r - Retreat! s - Stop attacking. g - Guard the area. f - Follow me.
Anything else - Cancel.
Gang up on whom?
Press: ? - help, Dir - move target, f - Josephina
Aim: Josephina, wielding a staff of cold, wearing a +2 robe of cold resistance and wearing the ring "Roudasue" {Ice Dex+6} (ally target) Attack!
Josephina gestures at you while chanting.
The ghostly flame explodes!
The ghostly fireball engulfs your elder firesting beast!
Your elder firesting beast is drained!
Your elder firesting beast breathes flames at Josephina.
The blast of flame misses Josephina.
You hear a shout!
You hear a deafening roar!
Josephina shouts, "You can't hurt me!
Ice reforms..."
Your elder firesting beast completely misses Josephina.
Your elder firesting beast barely misses Josephina.
Josephina hits your elder firesting beast with a staff of cold.
Josephina freezes your elder firesting beast!!
Josephina freezes your elder firesting beast!
Josephina touches your elder firesting beast but does no damage.
Your elder firesting beast barely misses Josephina.
Your elder firesting beast stings Josephina.
Josephina points at you and mumbles some strange words.
The ghostly flame explodes!
The ghostly fireball engulfs your elder firesting beast!!
Your elder firesting beast is drained!
The ghostly fireball engulfs Josephina.
Josephina completely resists.
Your elder firesting beast breathes flames at Josephina.
The blast of flame hits Josephina!!!!
Josephina is burned terribly!
The Council accepts your kill.
You feel a bit more experienced.
You hear a sizzling sound!
Josephina hits your elder firesting beast with a staff of cold.
Josephina freezes your elder firesting beast!!! x2
Your elder firesting beast dies!
Your elder firesting beast's corpse disappears in a puff of smoke!
You see here a +0 robe.
You lunge at Josephina, in a flurry of attacks.
Josephina shouts!
You puncture Josephina! Lightning courses through Josephina!
Josephina is almost destroyed.
You hit Josephina but do no damage.
Josephina is almost destroyed.
You completely miss Josephina.
Josephina is almost destroyed.
Josephina hits you but does no damage. Josephina freezes you.
Josephina touches you but does no damage.
Items here: ( ) [[ †.
You hit Josephina.
Josephina is almost destroyed.
You hit Josephina but do no damage.
Josephina is almost destroyed.
You hit Josephina but do no damage. Lightning courses through Josephina!
You destroy Josephina!
The Council accepts your kill.
You hit the juggernaut simulacrum but do no damage.
You hit the juggernaut simulacrum.
The juggernaut simulacrum is lightly damaged.
The juggernaut simulacrum hits you!!!
* * * LOW HITPOINT WARNING * * *
The juggernaut simulacrum freezes you! You resist.
* * * LOW HITPOINT WARNING * * *
The juggernaut simulacrum hits you but does no damage.
You see here a +0 robe.
Things that are here:
a +4 demon whip of venom; a +0 robe; a +0 buckler
(D) Dungeon (T) Temple (L) Lair (S) Swamp (P) Snake Pit (M) Slime Pits (O) Orcish Mines (E) Elven Halls (V) Vaults (C) Crypt (U) Depths (H) Hell (Z) Zot
Where to? (Enter - Depths:3 @ (x,y), ? - help)
Things that are here:
a +0 battleaxe of freezing; a frost giant skeleton Your muscles tense, ready for explosive movement...
Your supernatural speed expires.
Aiming: Phantom Mirror
Press: ? - help, Dir - move target, f - juggernaut simulacrum
Aim: a juggernaut simulacrum (sparse dust, lightly damaged)
You reflect the juggernaut simulacrum with the mirror!
The mirror clouds!
Your juggernaut simulacrum hits the juggernaut simulacrum!
Your juggernaut simulacrum freezes the juggernaut simulacrum.
The juggernaut simulacrum completely resists.
Your juggernaut simulacrum hits the juggernaut simulacrum!
Your juggernaut simulacrum freezes the juggernaut simulacrum.
The juggernaut simulacrum completely resists.
Okay, then.
Casting: Dispersal (dangerous; 11% risk of failure)
Confirm with . or Enter, or press ? or * to list all spells.
Casting: Dispersal (dangerous; 11% risk of failure)
Press: ? - help, Dir - look around, f - activate You miscast Dispersal.
You are very lightly contaminated with residual magic.
Space bends around you.
You are magically locked in place.
The juggernaut simulacrum hits you!!
* * * LOW HITPOINT WARNING * * *
The juggernaut simulacrum freezes you! You resist.
* * * LOW HITPOINT WARNING * * *
The juggernaut simulacrum hits you!
You die...

.........#[....'......#....#...(.
.........#.....#......#....'.....
#........#....###.##..#....###..#
##.......#....###.##..##.....#..#
#.....[.#....#........#.....#...
###.....#....'.......^#.....#...
##....'...}#........#.....#...
###.....###############.....#'##
#.........).Z.Z@....#.##........
##.....################.#........
#......# #.'........ .......#
###........ ...#...# #....#'##
.......# #....#... ####...#
#....#... #...# #....#.>. '....
#....#...


You could see a juggernaut simulacrum (ally target) and a friendly juggernaut
simulacrum (summoned, drained).

Vanquished Creatures
  Mennas (Vaults:2)
  Boris (Depths:3)
  Josephina (Depths:3)
  Sojobo (Depths:1)
  Frederick (Depths:4)
  A golden dragon (Depths:4)
  5 tentacled monstrosities
  Asterion (Depths:1)
  3 deep elf blademasters (Elf:3)
  A lich (Depths:2)
  6 deep elf master archers
  A quicksilver dragon (Depths:4)
  A walking earthen tome (Depths:3)
  Frances (Snake:1)
  Agnes (Snake:3)
  2 sphinxes
  4 tengu reavers
  A thorn hunter (Swamp:2)
  A shadow dragon (Depths:3)
  Donald (Snake:1)
  5 fire giants
  A storm dragon (Depths:4)
  5 fenstrider witches (Swamp:4)
  6 frost giants
  2 nagarajas
  A draconian knight (Depths:4)
  4 vault wardens
  Aizul (Lair:2)
  6 deep elf sorcerers
  A spectral caustic shrike (Depths:3)
  2 cacodemons
  Louise (Elf:1)
  A draconian annihilator (Depths:4)
  A deep elf elementalist (Elf:3)
  12 very ugly things
  5 stone giants
  An orc warlord (Orc:2)
  3 spriggan defenders
  A war gargoyle (Vaults:1)
  16 ironbound preservers
  A reaper (Swamp:4)
  The ghost of Lambsauce the Severer, a journeyman HOFi (D:15)
  3 vampire knights
  6 deep elf annihilators
  5 dire elephants
  2 ironbound thunderhulks (Vaults:2)
  3 deep elf demonologists
  A spark wasp (Depths:3)
  12 eleionomae
  6 bunyips
  A blizzard demon (Swamp:4)
  8 deep elf death magi
  Snorg (Orc:1)
  4 ettins
  2 deep elf high priests
  13 yaktaur captains
  2 fire dragons (Depths:1)
  A shambling mangrove (Swamp:3)
  17 hydras
  10 great orbs of eyes
  2 rakshasas
  Harold (D:9)
  14 vault guards
  4 ironbound frosthearts
  2 peacekeepers
  6 salamander tyrants
  3 catoblepae
  3 ice dragons
  3 spriggan air magi
  A ghost crab (Swamp:3)
  14 centaur warriors
  2 boulder beetles
  14 alligators
  2 death knights
  13 anacondas
  7 naga warriors
  6 deep troll shamans
  2 orc high priests
  14 death yaks
  3 two-headed ogres
  16 dancing weapons
  A deep troll earth mage (Depths:4)
  4 tengu warriors
  A sun demon (Depths:2)
  Urug (Lair:4)
  7 naga sharpshooters
  A vampire mage (Depths:1)
  2 soul eaters
  4 iron trolls
  5 shock serpents
  A skeletal warrior (D:14)
  Sonja (D:11)
  A spriggan berserker (Swamp:4)
  11 deep elf knights
  A hell knight (Depths:4)
  Nergalle (D:10)
  48 deep trolls
  2 sixfirhies
  6 goliath frogs
  4 salamander mystics
  A flayed ghost (Depths:2)
  3 glowing orange brains
  3 spriggan druids
  5 swamp dragons
  Pikel (D:7)
  9 naga ritualists
  14 lindwurms
  5 phantasmal warriors
  18 deep elf archers
  2 bog bodies
  10 ironbound convokers
  4 wizards
  22 deep elf zephyrmancers
  3 orc knights
  23 deep elf pyromancers
  15 mana vipers
  A necromancer (Vaults:4)
  An oklob plant (Lair:4)
  3 orc sorcerers
  2 wolf spiders
  A salamander (shapeshifter) (Elf:2)
  27 salamanders
  34 ugly things
  2 will-o-the-wisps
  6 cyclopes
  3 manticores
  An eye of devastation (shapeshifter) (D:15)
  Maurice (D:9)
  14 elephants
  Joseph (D:7)
  A gargoyle (D:13)
  53 black mambas
  4 guardian serpents
  A rust devil (Depths:2)
  9 vault sentinels
  15 naga magi
  A stone giant skeleton (Vaults:4)
  A torpor snail (shapeshifter) (Depths:2)
  12 cane toads
  2 torpor snails
  3 orange demons (Swamp:4)
  Maggie (D:7)
  A smoke demon (Depths:1)
  4 rime drakes
  An unseen horror (D:12)
  A yaktaur zombie (Vaults:4)
  10 komodo dragons
  25 yaktaurs
  A kobold demonologist (D:14)
  3 ice devils
  3 freezing wraiths
  A tormentor (Depths:1)
  2 tengu conjurers
  4 hellwings
  A human skeleton (Vaults:4)
  2 bloated husks
  4 meliai
  A troll (shapeshifter) (Elf:1)
  6 trolls
  2 wolf spider simulacra (D:15)
  A queen bee (shapeshifter) (Elf:3)
  11 tyrant leeches
  3 polar bears (Lair:5)
  8 hornets
  A hornet (shapeshifter) (D:13)
  A tengu simulacrum (Vaults:4)
  39 slime creatures
  8 dream sheep
  17 blink frogs
  A dream sheep (shapeshifter) (Depths:4)
  4 centaur simulacra (D:15)
  4 air elementals
  3 wraiths
  A wyvern (shapeshifter) (Vaults:4)
  An ettin skeleton (Vaults:4)
  A vampire (D:10)
  2 ynoxinuls
  Sigmund (D:2)
  8 spriggans
  3 wyverns
  A water elemental (D:15)
  2 basilisks
  51 yaks
  2 fire elementals
  A hog (shapeshifter) (D:13)
  2 golden eyes (shapeshifter)
  17 vampire mosquitoes
  2 chaos spawn
  Grum (D:10)
  2 steam dragons
  A redback simulacrum (D:15)
  12 swamp worms
  35 nagas
  3 acid dragons
  7 wargs
  A floating eye (Depths:4)
  17 water moccasins
  32 orc warriors
  3 ice beasts
  A black bear (D:4)
  2 sky beasts
  30 wolves
  7 ogres
  2 boggarts (Vaults:1)
  11 centaurs
  2 lemures (D:6)
  A phantom (D:7)
  5 kobold brigands
  16 bullfrogs
  4 earth elementals
  A gnoll sergeant (D:10)
  3 scorpions
  A necrophage (D:5)
  2 hornet simulacra (D:15)
  13 wights
  21 killer bees
  An electric eel (D:15)
  6 howler monkeys
  5 hounds
  3 jellies (D:5)
  28 orc priests
  Ijyb (D:5)
  Jessica (D:2)
  An iguana (D:5)
  Terence (D:2)
  26 orc wizards
  Natasha (thrice) (D:2)
  A merfolk siren (Sewer)
  11 gnolls
  5 river rats
  11 adders
  2 shadow imps (D:6)
  2 white imps
  4 worms
  6 dart slugs
  109 orcs
  9 ball pythons
  A bat skeleton (D:2)
  2 bat zombies (D:2)
  6 endoplasms
  7 giant cockroaches
  7 goblins
  8 hobgoblins
  6 jackals
  4 quokkas
  4 bats
  5 frilled lizards
  29 kobolds
  27 rats
  2 lurking horrors (D:15)
1629 creatures vanquished.

Vanquished Creatures (collateral kills)
  A deep elf blademaster (Elf:3)
  A nagaraja (Snake:4)
  A balrug (Depths:2)
  A war gargoyle (Vaults:1)
  2 very ugly things
  A stone giant (Vaults:3)
  2 spriggan defenders (Depths:3)
  An ironbound thunderhulk (Vaults:3)
  3 dire elephants (Vaults:2)
  A deep elf annihilator (Elf:3)
  A blizzard demon (D:15)
  2 great orbs of eyes
  2 vault guards (Vaults:3)
  2 anacondas (Snake:4)
  An ogre mage (Swamp:4)
  2 spriggan air magi (Depths:3)
  A naga warrior (Snake:4)
  A spriggan berserker (Depths:4)
  A naga sharpshooter (Snake:4)
  A salamander mystic (Snake:4)
  2 deep trolls (Vaults:4)
  A mana viper (Snake:4)
  A manticore (D:14)
  A salamander (Snake:4)
  2 guardian serpents (Snake:4)
  A yaktaur (Vaults:4)
  A spark wasp simulacrum (Depths:3)
  A naga (Snake:4)
  3 boggarts (Vaults:1)
41 creatures vanquished.

Vanquished Creatures (others)
  A bunyip (Swamp:2)
  An anaconda (Snake:4)
  A deep elf zephyrmancer (Elf:2)
  A wizard (D:10)
  3 salamanders (Snake:4)
  An ugly thing (D:15)
  2 guardian serpents
  A freezing wraith (D:15)
  2 bloated husks
  An orc warrior (Elf:2)
  An orc priest (Orc:2)
  10 foxfires (Swamp:2)
  42 fungi
  61 plants
  A withered plant (D:2)
129 creatures vanquished.

Grand Total: 1799 creatures vanquished

Notes
Turn   | Place    | Note
-------+----------+-------------------------------------------
     0 | D:1      | sleeves the Kobold Reaver began the quest for the Orb.
     0 | D:1      | Reached XP level 1. HP: 12/12 MP: 3/3
    43 | D:1      | Reached skill level 1 in Stealth
    77 | D:1      | Reached skill level 2 in Stealth
    77 | D:1      | Reached XP level 2. HP: 17/17 MP: 5/5
   214 | D:1      | Found a faded altar of an unknown god.
   273 | D:1      | Reached skill level 3 in Stealth
   398 | D:1      | Reached XP level 3. HP: 21/21 MP: 6/6
   528 | D:1      | Found Sumn's Book Shop.
   773 | D:1      | Reached skill level 4 in Stealth
   840 | D:2      | Noticed Terence
   850 | D:2      | Killed Terence
   851 | D:2      | Reached skill level 5 in Stealth
   851 | D:2      | Reached XP level 4. HP: 15/25 MP: 4/7
  1005 | D:2      | Noticed Sigmund
  1009 | D:2      | Killed Sigmund
  1010 | D:2      | Reached skill level 8 in Stealth
  1010 | D:2      | Reached XP level 5. HP: 30/30 MP: 8/8
  1010 | D:2      | Reached XP level 6. HP: 35/35 MP: 9/9
  1044 | D:2      | Identified the +9 war axe "Acej" {venom, rElec rC+}
  1107 | D:2      | Noticed Natasha
  1112 | D:2      | Killed Natasha
  1132 | D:2      | Noticed Jessica
  1140 | D:2      | Killed Jessica
  1202 | D:2      | Noticed Natasha
  1206 | D:2      | Killed Natasha
  1207 | D:2      | Reached skill level 9 in Stealth
  1310 | D:2      | Noticed Natasha
  1316 | D:2      | Killed Natasha
  1709 | D:3      | Reached XP level 7. HP: 40/40 MP: 10/10
  1851 | D:3      | HP: 20/40 [gnoll/+1 whip of venom (6)]
  1852 | D:3      | HP: 8/40 [gnoll/+1 whip of venom (6)]
  1857 | D:3      | HP: 20/40 [poisoned by a gnoll]
  1859 | D:3      | HP: 9/40 [poisoned by an adder]
  1869 | D:3      | Reached skill level 10 in Stealth
  2098 | D:3      | Found a glowing drain.
  2102 | Sewer    | Entered a sewer
  2303 | Sewer    | Reached skill level 11 in Stealth
  2330 | Sewer    | Identified the amulet of Iqost {RegenMP rElec rPois Dex-3
                  | Slay+3}
  2748 | D:3      | Found a snail-covered altar of Cheibriados.
  3088 | D:4      | Found Hiewnan's Book Boutique.
  3101 | D:4      | Found Rihaitto's Antique Armour Emporium.
  3287 | D:4      | Reached XP level 8. HP: 44/44 MP: 11/11
  3293 | D:4      | Reached skill level 12 in Stealth
  3523 | D:4      | Found a staircase to the Ecumenical Temple.
  3567 | Temple   | Entered the Ecumenical Temple
  3770 | Temple   | Became a worshipper of the Wu Jian Council
  3873 | D:4      | Found Usoseixt's Assorted Antiques.
  4039 | D:5      | Entered Level 5 of the Dungeon
  4142 | D:5      | Reached skill level 13 in Stealth
  4151 | D:5      | Noticed a +0 hand axe
  4162 | D:5      | Found a hide-covered altar of Uskayaw.
  4163 | D:5      | Noticed a +0 dagger
  4191 | D:5      | Noticed Ijyb
  4194 | D:5      | Killed Ijyb
  4241 | D:5      | Reached skill level 3 in Fighting
  4304 | D:5      | Found Zin's Purification Station.
  4307 | D:5      | Found a glowing silver altar of Zin.
  4360 | D:5      | Reached skill level 5 in Short Blades
  4360 | D:5      | Reached XP level 9. HP: 51/51 MP: 12/12
  4664 | D:6      | Identified the +5 whip of the Slashing Wolf {vorpal, Dex+5}
  4673 | D:6      | Reached skill level 4 in Fighting
  4689 | D:6      | Reached * piety under Wu Jian
  4936 | D:6      | Reached skill level 6 in Short Blades
  4936 | D:6      | Reached skill level 14 in Stealth
  5199 | D:6      | Found Baffiul's Armour Emporium.
  5352 | D:6      | Found a sacrificial altar of Ru.
  5541 | D:4      | Bought a runed buckler for 165 gold pieces
  5663 | D:7      | Noticed Maggie
  5737 | D:7      | Reached skill level 1 in Shields
  5816 | D:7      | Reached skill level 5 in Fighting
  5860 | D:7      | Identified the +5 scale mail of Xoshisto {rF++ Int+3}
  5963 | D:7      | Reached skill level 7 in Short Blades
  5964 | D:7      | Noticed Joseph
  6039 | D:7      | HP: 18/54 [Joseph/+3 quarterstaff of pain (11)]
  6040 | D:7      | HP: 6/54 [Joseph/+3 quarterstaff of pain (12)]
  6310 | D:7      | Noticed Pikel
  6470 | D:8      | Reached skill level 2 in Shields
  6482 | D:8      | Found a radiant altar of Vehumet.
  6560 | D:8      | Reached XP level 10. HP: 57/60 MP: 13/13
  6606 | D:8      | Found a shimmering altar of Xom.
  6837 | D:8      | Reached skill level 6 in Fighting
  6935 | D:8      | Reached skill level 8 in Short Blades
  6935 | D:8      | Reached skill level 15 in Stealth
  6997 | D:8      | Reached skill level 3 in Shields
  7194 | D:8      | Noticed an ice statue
  7700 | D:10     | Entered Level 10 of the Dungeon
  7706 | D:10     | Noticed Grum
  7709 | D:10     | Killed Grum
  7709 | D:10     | Reached ** piety under Wu Jian
  7746 | D:10     | Reached skill level 7 in Fighting
  7832 | D:10     | Reached skill level 9 in Short Blades
  7855 | D:10     | HP: 31/63 [killer bee (2)]
  7857 | D:10     | Reached skill level 4 in Shields
  7996 | D:9      | Found a staircase to the Orcish Mines.
  8119 | D:9      | Noticed Harold
  8122 | D:9      | Killed Harold
  8123 | D:9      | Reached XP level 11. HP: 67/67 MP: 14/14
  8166 | D:9      | Reached skill level 16 in Stealth
  8447 | D:9      | Reached skill level 1 in Evocations
  8580 | D:9      | Noticed Maurice
  8582 | D:9      | Killed Maurice
  8583 | D:9      | Reached skill level 3 in Dodging
  8733 | D:9      | Reached skill level 8 in Fighting
  8733 | D:9      | Reached skill level 10 in Short Blades
  8734 | D:9      | Reached skill level 2 in Evocations
  8929 | D:9      | Reached skill level 5 in Shields
  9113 | D:7      | Killed Joseph
  9202 | D:7      | Reached *** piety under Wu Jian
  9203 | D:7      | Reached skill level 4 in Dodging
  9262 | D:7      | Killed Pikel
  9263 | D:7      | Reached skill level 3 in Evocations
  9269 | D:7      | Found an opulent altar of Gozag.
  9549 | D:7      | Killed Maggie
  9957 | D:10     | Found a bloodstained altar of Trog.
  9960 | D:10     | Noticed a wizard
  9974 | D:10     | Killed a wizard
 10144 | D:10     | Reached skill level 4 in Evocations
 10195 | D:10     | Reached skill level 5 in Dodging
 10335 | D:10     | Found a shadowy altar of Dithmenos.
 10413 | D:11     | Noticed Sonja
 10413 | D:11     | Noticed Nergalle
 10415 | D:11     | Killed Sonja
 10416 | D:11     | Reached skill level 9 in Fighting
 10428 | D:10     | Killed Nergalle
 10429 | D:10     | Reached XP level 12. HP: 71/76 MP: 15/15
 10508 | D:11     | Reached skill level 17 in Stealth
 10535 | D:11     | Reached skill level 5 in Evocations
 10586 | D:10     | Reached skill level 6 in Dodging
 10701 | D:11     | Reached **** piety under Wu Jian
 10959 | D:11     | Noticed a two-headed ogre
 11094 | D:11     | Killed a two-headed ogre
 11095 | D:11     | Reached skill level 6 in Evocations
 11175 | D:11     | Found a staircase to the Lair.
 11245 | D:11     | Identified the +5 short sword of the Summoning Oracle
                  | {flame, Fly Str+3 Stlth+}
 11759 | D:12     | Reached skill level 7 in Dodging
 11955 | D:12     | Noticed a two-headed ogre
 11957 | D:12     | Killed a two-headed ogre
 12067 | D:12     | Reached skill level 10 in Fighting
 12364 | D:12     | Identified the +4 chain mail "Kagutzeeff" {Will+ Int+4}
 12409 | D:12     | Noticed a centaur warrior
 12425 | D:12     | Killed a centaur warrior
 12426 | D:12     | Reached skill level 7 in Evocations
 12484 | D:12     | Reached skill level 18 in Stealth
 12638 | D:12     | Noticed a centaur warrior
 12646 | D:12     | Killed a centaur warrior
 12647 | D:12     | Reached skill level 8 in Dodging
 12765 | D:12     | Found a large runed translucent door.
 12765 | D:12     | Found a large runed translucent door.
 12929 | D:13     | Reached XP level 13. HP: 82/82 MP: 16/16
 12975 | D:13     | Noticed a centaur warrior
 12989 | D:13     | Killed a centaur warrior
 12995 | D:13     | Reached skill level 8 in Evocations
 13382 | D:13     | Noticed a centaur warrior
 13384 | D:13     | Killed a centaur warrior
 13385 | D:13     | Reached skill level 9 in Dodging
 13541 | D:13     | Noticed an eight-headed hydra
 13545 | D:13     | Killed an eight-headed hydra
 13740 | D:13     | Noticed a catoblepas
 13743 | D:13     | Killed a catoblepas
 13744 | D:13     | Reached skill level 9 in Evocations
 13899 | Lair:1   | Entered Level 1 of the Lair of Beasts
 13927 | Lair:1   | Reached skill level 19 in Stealth
 13949 | Lair:1   | Identified a scroll of acquirement
 13952 | Lair:1   | Acquired 610 gold pieces
 14299 | Lair:1   | Reached skill level 10 in Dodging
 14594 | Lair:1   | Found a dark tunnel.
 15409 | Lair:2   | Found a staircase to the Snake Pit.
 15417 | Lair:2   | Reached ***** piety under Wu Jian
 15430 | Lair:2   | Reached skill level 10 in Evocations
 15488 | Lair:2   | Noticed a four-headed hydra
 15490 | Lair:2   | Killed a four-headed hydra
 15652 | Lair:2   | Reached XP level 14. HP: 88/88 MP: 17/17
 15862 | Lair:2   | Reached skill level 11 in Dodging
 15882 | Lair:2   | HP: 44/88 [poisoned by a cane toad]
 15887 | Lair:2   | HP: 38/88 [poisoned by a cane toad]
 15892 | Lair:2   | HP: 33/88 [poisoned by a cane toad]
 16290 | Lair:2   | Reached skill level 11 in Fighting
 16496 | Lair:2   | Reached skill level 20 in Stealth
 17034 | Lair:3   | Found a staircase to the Swamp.
 17715 | Lair:4   | Noticed Urug
 17718 | Lair:4   | Killed Urug
 17719 | Lair:4   | Reached skill level 11 in Evocations
 17733 | Lair:4   | Found a runed translucent gate.
 17733 | Lair:4   | Found a runed translucent gate.
 17733 | Lair:4   | Found a runed translucent gate.
 17751 | Lair:4   | Noticed Daelid's ghost (journeyman MfGl)
 17755 | Lair:4   | Noticed a minotaur
 17836 | Lair:4   | Reached skill level 12 in Dodging
 17840 | Lair:4   | Identified the +6 dagger of Fenu Miw {venom, rPois rCorr
                  | Dex+10 Stlth-}
 17873 | Lair:4   | You are sucked into a shaft and drop 1 floor!
 17873 | Lair:5   | Entered Level 5 of the Lair of Beasts
 18244 | Lair:5   | Reached skill level 12 in Fighting
 18366 | Lair:5   | Found a gate leading to a gauntlet.
 18387 | Gauntlet | Entered a Gauntlet
 18387 | Gauntlet | Found a transporter.
 18412 | Gauntlet | Found a transporter.
 18424 | Gauntlet | Found a transporter.
 18437 | Gauntlet | Found a transporter.
 18442 | Gauntlet | Found a runed translucent door.
 18449 | Gauntlet | Found a transporter.
 18457 | Gauntlet | Noticed a balrug
 18469 | Gauntlet | Found a transporter.
 18496 | Gauntlet | Found a runed translucent door.
 19244 | Lair:4   | HP: 37/92 [death yak (15)]
 19456 | Lair:4   | Reached XP level 15. HP: 90/96 MP: 18/18
 19703 | Lair:4   | Reached skill level 21 in Stealth
 19904 | Lair:4   | Found a staircase to the Slime Pits.
 19909 | Lair:4   | Reached skill level 12 in Evocations
 20231 | Lair:4   | Reached ****** piety under Wu Jian
 20406 | Lair:4   | Reached skill level 13 in Dodging
 20786 | Lair:5   | HP: 43/97 [eight-headed hydra (7)]
 22083 | Lair:5   | Reached skill level 13 in Fighting
 22140 | Lair:5   | HP: 24/98 [dire elephant (27)]
 22149 | Lair:5   | HP: 3/98 [dire elephant (24)]
 22864 | Orc:1    | Entered Level 1 of the Orcish Mines
 22903 | Orc:1    | Noticed Snorg
 22917 | Orc:1    | Killed Snorg
 23040 | Orc:1    | Found Cuelait's Antique Armour Emporium.
 23462 | Orc:2    | Entered Level 2 of the Orcish Mines
 23663 | Orc:2    | Reached skill level 13 in Evocations
 23996 | Orc:2    | Noticed an orc warlord
 24017 | Orc:2    | Killed an orc warlord
 24334 | Orc:2    | Found Otwytzy's Magic Scroll Emporium.
 24452 | Orc:2    | Found Ecyodouss's Antique Weapon Shop.
 24868 | Orc:2    | Found a staircase to the Elven Halls.
 25108 | Orc:2    | Found Welag's Antique Armour Shoppe.
 25108 | Orc:2    | Noticed Saint Roka
 25143 | Orc:2    | Reached skill level 14 in Dodging
 25560 | Orc:2    | Reached skill level 22 in Stealth
 25644 | Orc:2    | Reached XP level 16. HP: 96/104 MP: 19/19
 25674 | Orc:2    | Found Byjaef's Antique Weapon Emporium.
 25791 | Orc:1    | Bought a pair of glowing boots for 180 gold pieces
 26931 | D:14     | HP: 46/105 [tengu warrior/+1 great mace (18)]
 26944 | D:14     | HP: 25/105 [centaur warrior (4)]
 27208 | D:14     | Found a gate to the Vaults.
 27384 | D:14     | Found an iron altar of Okawaru.
 27390 | D:14     | You are sucked into a shaft and drop 1 floor!
 27390 | D:15     | Entered Level 15 of the Dungeon
 27697 | D:15     | Reached skill level 14 in Fighting
 27852 | D:15     | Found a shimmering blue altar of Sif Muna.
 28159 | D:15     | Found a corrupted altar of Lugonu.
 28159 | D:15     | Found a one-way gate to the infinite horrors of the Abyss.
 28305 | D:15     | Reached skill level 14 in Evocations
 28388 | D:15     | Found a runed translucent gate.
 28389 | D:15     | Found a runed translucent gate.
 28390 | D:15     | Found a runed translucent gate.
 28830 | D:15     | Found a staircase to the Depths.
 28932 | D:15     | Reached skill level 15 in Dodging
 29397 | Snake:1  | Entered Level 1 of the Snake Pit
 29510 | Snake:1  | Noticed Aizul
 29535 | Lair:2   | HP: 53/107 [black mamba[a naga ritualist] (1)]
 29694 | Lair:2   | HP: 53/107 [Aizul (7)]
 29703 | Lair:2   | HP: 46/107 [Aizul (4)]
 29706 | Lair:2   | Killed Aizul
 29707 | Lair:2   | Reached skill level 1 in Armour
 29988 | Snake:1  | Noticed Donald
 30184 | Swamp:1  | Entered Level 1 of the Swamp
 30248 | Swamp:1  | Reached skill level 23 in Stealth
 30283 | Swamp:1  | Reached skill level 2 in Armour
 30308 | Swamp:1  | Reached XP level 17. HP: 72/112 MP: 20/20
 30433 | Swamp:1  | HP: 41/112 [swamp worm (17)]
 30675 | Swamp:1  | Acquired the +3 helmet of Jolub {rPois rC+ Str-3 Dex+4}
 31123 | Swamp:1  | Reached skill level 15 in Evocations
 31152 | Swamp:1  | Reached skill level 3 in Armour
 31454 | Swamp:2  | Reached skill level 15 in Fighting
 31522 | Swamp:2  | Found a runed translucent door.
 31567 | Swamp:2  | Got the Directory of Glamour
 31697 | Swamp:2  | Noticed a thorn hunter
 31699 | Swamp:2  | Killed a thorn hunter
 31789 | Swamp:2  | Reached skill level 4 in Armour
 32144 | Swamp:2  | Noticed zishaf's ghost (adept VSBr)
 32144 | Swamp:2  | Identified the +1 spear of the Shallot {vorpal, rElec
                  | Str+2}
 32730 | Swamp:3  | Reached skill level 24 in Stealth
 32733 | Swamp:3  | Reached skill level 5 in Armour
 32770 | Swamp:4  | Entered Level 4 of the Swamp
 32894 | Swamp:3  | HP: 42/113 [constriction (18)]
 33303 | Swamp:3  | HP: 54/113 [eight-headed hydra (8)]
 33308 | Swamp:3  | HP: 26/113 [seven-headed hydra (10)]
 33313 | Swamp:3  | Reached skill level 6 in Armour
 33982 | Swamp:4  | HP: 47/113 [??? (36)]
 34215 | Swamp:4  | Reached XP level 18. HP: 68/119 MP: 21/21
 34563 | Swamp:4  | Noticed a tentacled monstrosity
 34564 | Swamp:4  | Killed a tentacled monstrosity
 34565 | Swamp:4  | Reached skill level 7 in Armour
 34565 | Swamp:4  | Reached skill level 25 in Stealth
 34836 | Swamp:4  | HP: 58/119 [alligator (8)]
 35571 | Swamp:4  | Reached skill level 8 in Armour
 35575 | Swamp:4  | Got a decaying rune of Zot
 35589 | Swamp:4  | Paralysed by a fenstrider witch for 5 turns
 35789 | Snake:1  | Found an iron altar of Okawaru.
 36202 | Snake:1  | Reached skill level 26 in Stealth
 36328 | Snake:1  | Killed Donald
 37163 | Snake:1  | Identified the +8 quarterstaff of the Sky {antimagic,
                  | rCorr}
 37177 | Snake:1  | Noticed Frances
 37185 | Snake:1  | Killed Frances
 37580 | Snake:2  | Reached skill level 27 in Stealth
 37669 | Snake:2  | Reached skill level 9 in Armour
 37669 | Snake:2  | Reached XP level 19. HP: 100/124 MP: 22/22
 38360 | Snake:3  | Noticed Findleman's ghost (adept MiFi)
 38431 | Snake:3  | Reached skill level 10 in Armour
 38511 | Snake:3  | Found a transporter.
 38548 | Snake:3  | Noticed Agnes
 38551 | Snake:3  | Killed Agnes
 38594 | Snake:3  | Found Evoalih's Jewellery Shoppe.
 38620 | Snake:3  | Reached skill level 6 in Shields
 39285 | Snake:3  | Found a transporter.
 39888 | Snake:4  | Entered Level 4 of the Snake Pit
 39890 | Snake:4  | Reached skill level 7 in Shields
 40525 | Snake:4  | Reached skill level 8 in Shields
 40714 | Snake:4  | HP: 61/124 [anaconda (9)]
 40719 | Snake:4  | HP: 54/124 [constriction (2)]
 40724 | Snake:4  | HP: 49/124 [constriction (1)]
 41220 | Snake:4  | HP: 41/124 [salamander tyrant (23)]
 41659 | Snake:4  | Reached skill level 9 in Shields
 42099 | Snake:4  | HP: 53/124 [salamander/+0 trident (15)]
 42421 | Snake:4  | HP: 45/124 [salamander tyrant (43)]
 42667 | Snake:4  | Reached skill level 10 in Shields
 42686 | Snake:4  | HP: 61/124 [poisoned by a guardian serpent (bolt of
                  | poison)]
 42691 | Snake:4  | Reached XP level 20. HP: 58/129 MP: 23/23
 42691 | Snake:4  | HP: 57/129 [poisoned by a guardian serpent (bolt of
                  | poison)]
 42696 | Snake:4  | HP: 54/129 [poisoned by a guardian serpent (bolt of
                  | poison)]
 43036 | Snake:4  | HP: 53/129 [salamander tyrant (27)]
 43542 | Snake:4  | Got a serpentine rune of Zot
 43985 | Vaults:1 | Entered Level 1 of the Vaults
 44030 | Vaults:1 | Learned a level 6 spell: Dispersal
 44074 | Vaults:1 | Found the brooch of Shielding {Spirit SH+8}
 44273 | Elf:1    | Entered Level 1 of the Elven Halls
 44388 | Orc:2    | Reached skill level 1 in Translocations
 44607 | Elf:1    | Reached skill level 2 in Translocations
 44768 | Elf:1    | Found a portal to a secret trove of treasure.
 44805 | Elf:1    | Identified Roxanne's Almanac of the Ground
 44805 | Elf:1    | Noticed Roxanne
 44853 | Elf:1    | Reached skill level 3 in Translocations
 45670 | Elf:1    | Reached skill level 16 in Evocations
 45706 | Elf:1    | Reached skill level 4 in Translocations
 45731 | Elf:1    | HP: 64/129 [deep elf zephyrmancer/bolt of lightning (11)]
 46027 | Elf:1    | Noticed Louise
 46211 | Elf:1    | Reached skill level 5 in Translocations
 46481 | Elf:1    | Killed Louise
 46717 | Elf:1    | Got the Textbook on Blasting and Calling
 46781 | Elf:1    | Found Muttih's Weapon Shop.
 47028 | Elf:2    | Reached skill level 6 in Translocations
 47114 | Elf:2    | Found a runed translucent gate.
 47114 | Elf:2    | Found a runed translucent gate.
 47114 | Elf:2    | Found a runed translucent gate.
 47203 | Elf:2    | Reached skill level 17 in Evocations
 47836 | Elf:3    | Entered Level 3 of the Elven Halls
 47872 | Elf:3    | Found Qonojeih's Antique Weapon Boutique.
 47950 | Elf:2    | Reached skill level 7 in Translocations
 48283 | Elf:3    | Found Xyittoja's Vocational Training.
 48288 | Elf:3    | Bought a manual of Evocations for 960 gold pieces
 49018 | Elf:3    | Identified the +1 robe of Whack-A-Mole {-Tele +Inv rN+
                  | Regen+}
 49062 | Elf:3    | Reached XP level 21. HP: 134/134 MP: 24/24
 49086 | Elf:3    | Reached skill level 18 in Evocations
 49089 | Elf:3    | Reached skill level 8 in Translocations
 49247 | Elf:3    | Identified the +7 morningstar of Ravage {flame, rPois
                  | Dex+3}
 49247 | Elf:3    | Identified the +3 ring mail of the Turtledove {Will+}
 50414 | Elf:3    | Reached skill level 19 in Evocations
 50424 | Elf:3    | Reached skill level 9 in Translocations
 50804 | Elf:3    | Paralysed by an air elemental for 1 turns
 50888 | Elf:3    | Got Bycow's Papyrus of the Oath
 50893 | Elf:3    | Got Kachaluz's Quarto of Air and Hoarfrost
 50903 | Elf:3    | Learned a level 8 spell: Discord
 50921 | Elf:3    | Identified the ring of Inuugg {Wiz rCorr Dex+4 Stlth+}
 50968 | Elf:3    | Identified the +2 shortbow "Foku" {freeze, rF+ rN+ Dex+2}
 51353 | Vaults:1 | Reached skill level 1 in Hexes
 51956 | Vaults:1 | Reached skill level 2 in Hexes
 51957 | Vaults:1 | Reached skill level 20 in Evocations
 52131 | Vaults:1 | Identified the +8 arbalest of Saubiudgh {venom, rPois
                  | Str+4}
 52219 | Vaults:1 | Reached skill level 3 in Hexes
 52219 | Vaults:1 | Reached skill level 10 in Translocations
 52385 | Vaults:1 | Reached skill level 4 in Hexes
 52715 | Vaults:2 | HP: 61/134 [ironbound thunderhulk/+4 great mace (27)]
 52721 | Vaults:2 | HP: 57/134 [ironbound thunderhulk/+4 great mace (6)]
 52928 | Vaults:2 | Reached skill level 5 in Hexes
 52961 | Vaults:2 | Learned a level 5 spell: Yara's Violent Unravelling
 53044 | Vaults:2 | Found Guvon's Distillery.
 53088 | Vaults:2 | Noticed Mennas
 53089 | Vaults:2 | Killed Mennas
 53090 | Vaults:2 | Reached skill level 11 in Translocations
 53153 | Vaults:2 | Reached skill level 6 in Hexes
 53297 | Vaults:2 | Reached XP level 22. HP: 140/140 MP: 25/25
 53573 | Vaults:2 | Reached skill level 7 in Hexes
 53928 | Vaults:2 | Reached skill level 12 in Translocations
 54194 | Vaults:2 | Identified the +0 helmet "Boimexegol" {Str+2}
 54684 | Vaults:2 | Reached skill level 8 in Hexes
 55264 | Vaults:3 | Found a staircase to the Crypt.
 55671 | Vaults:3 | Reached skill level 3 in Spellcasting
 56005 | Vaults:3 | Reached skill level 9 in Hexes
 56047 | Vaults:3 | Reached skill level 4 in Spellcasting
 56071 | Vaults:3 | Reached skill level 13 in Translocations
 56071 | Vaults:3 | HP: 70/140 [white very ugly thing (9)]
 56074 | Vaults:3 | HP: 31/140 [stone giant/large rock (19)]
 56080 | Vaults:3 | HP: 61/140 [ironbound thunderhulk/bolt of lightning (15)]
 56676 | Vaults:3 | Reached skill level 5 in Spellcasting
 56856 | Vaults:3 | HP: 67/140 [deep troll[an ironbound preserver] (9)]
 56865 | Vaults:3 | HP: 58/140 [deep troll[an ironbound preserver] (2)]
 56872 | Vaults:3 | HP: 50/140 [deep troll[an ironbound preserver] (10)]
 57536 | Vaults:3 | Gained mutation: You sometimes lose your temper in combat.
                  | [a cacodemon]
 57555 | Vaults:3 | Gained mutation: You occasionally lose the ability to drink
                  | potions when taking damage. [a cacodemon]
 57562 | Vaults:3 | Reached XP level 23. HP: 126/144 MP: 31/31
 57602 | Vaults:3 | Lost mutation: You sometimes lose your temper in combat.
                  | [potion of mutation]
 57602 | Vaults:3 | Lost mutation: You occasionally lose the ability to drink
                  | potions when taking damage. [potion of mutation]
 57602 | Vaults:3 | Gained mutation: You have sharp toenails. [potion of
                  | mutation]
 57662 | Vaults:4 | Gained mutation: You are frail. (-10% HP) [a cacodemon]
 57684 | Vaults:4 | Reached skill level 10 in Hexes
 57690 | Vaults:4 | HP: 62/129 [constriction (4)]
 57949 | Vaults:4 | Learned a level 7 spell: Malign Gateway
 58037 | Vaults:4 | Reached skill level 6 in Spellcasting
 58162 | Vaults:4 | Reached skill level 1 in Summonings
 58740 | Vaults:4 | Reached skill level 2 in Summonings
 59085 | Vaults:4 | Found a runed translucent gate.
 59085 | Vaults:4 | Found a runed translucent gate.
 59085 | Vaults:4 | Found a runed translucent gate.
 59497 | Depths:1 | Entered Level 1 of the Depths
 59502 | Depths:1 | Found a gateway to Hell.
 59512 | Depths:1 | Noticed Sojobo
 59681 | Depths:1 | Found a one-way gate leading to the halls of Pandemonium.
 59701 | Depths:1 | HP: 64/129 [??? (62)]
 59706 | Depths:1 | HP: 60/129 [burnt (1)]
 60085 | Depths:1 | HP: 61/129 [fire giant/+1 great sword of flaming (12)]
 60088 | Depths:1 | Reached skill level 3 in Summonings
 60088 | Depths:1 | HP: 18/129 [frost giant/+2 battleaxe of freezing (32)]
 60426 | D:15     | Noticed Lambsauce's ghost (journeyman HOFi)
 60504 | D:15     | Killed Lambsauce's ghost
 60518 | D:15     | Reached skill level 14 in Translocations
 61208 | Depths:1 | Reached skill level 7 in Spellcasting
 61221 | Depths:1 | HP: 63/129 [fire dragon/blast of flame (12)]
 61244 | Depths:1 | HP: 49/129 [stone giant (16)]
 61450 | Depths:1 | Found Lifos's Book Shop.
 61536 | Depths:1 | Noticed Asterion
 61540 | Depths:1 | HP: 60/129 [fire dragon (5)]
 61932 | Depths:1 | Reached skill level 4 in Summonings
 62034 | Depths:1 | HP: 53/129 [vampire mage/vampiric draining (16)]
 62372 | Depths:1 | Killed Sojobo
 62373 | Depths:1 | Reached skill level 11 in Hexes
 62772 | Depths:1 | Killed Asterion
 63102 | Depths:2 | HP: 61/129 [balrug/divine providence (11)]
 63110 | Depths:2 | Reached skill level 5 in Summonings
 63484 | Depths:1 | Reached skill level 8 in Spellcasting
 63721 | Depths:2 | HP: 56/129 [white very ugly thing (16)]
 64438 | Depths:1 | HP: 54/128 [fire giant/fireball (15)]
 64754 | Depths:1 | HP: 48/126 [tengu reaver/bolt of acid (17)]
 65170 | Depths:3 | Noticed Boris
 65172 | Depths:3 | Killed Boris
 65174 | Depths:3 | Found a one-way gateway to a ziggurat.
 65174 | Depths:3 | Noticed an ancient lich
 65717 | Depths:3 | Reached XP level 24. HP: 135/135 MP: 35/35
 65838 | Depths:3 | Reached skill level 6 in Summonings
 65860 | Depths:3 | HP: 57/135 [fire giant/fireball (19)]
 66253 | Depths:3 | Identified the ring "Roudasue" {Ice Dex+6}
 66253 | Depths:3 | Noticed Josephina
 66507 | Depths:3 | You fall into a shaft and drop 1 floor!
 66507 | Depths:4 | Entered Level 4 of the Depths
 66525 | Depths:4 | Noticed a golden dragon
 66527 | Depths:4 | Killed a golden dragon
 66550 | Depths:4 | Found a gate to the Realm of Zot.
 66740 | Depths:4 | Reached skill level 9 in Spellcasting
 66740 | Depths:4 | Reached skill level 12 in Hexes
 66901 | Depths:4 | Learned a level 6 spell: Summon Cactus Giant
 66907 | Depths:4 | Noticed Frederick
 66911 | Depths:4 | HP: 62/126 [rock wall collision (37)]
 66918 | Depths:4 | Killed Frederick
 67088 | Depths:4 | Reached skill level 15 in Translocations
 67166 | Depths:4 | Reached skill level 7 in Summonings
 67477 | Depths:4 | HP: 62/135 [vampire knight/vampiric draining (12)]
 67487 | Depths:4 | HP: 56/135 [vampire knight/vampiric draining (8)]
 67494 | Depths:4 | HP: 57/135 [great orb of eyes (1)]
 67500 | Depths:4 | HP: 46/135 [great orb of eyes (11)]
 67512 | Depths:4 | HP: 48/135 [deep troll shaman (2)]
 67727 | Depths:4 | Noticed an ancient lich
 68372 | Depths:3 | Killed Josephina
 68374 | Depths:3 | HP: 40/135 [juggernaut simulacrum[Josephina] (42)]
 68397 | Depths:3 | HP: 15/135 [juggernaut simulacrum[Josephina] (26)]
 68397 | Depths:3 | Slain by a juggernaut simulacrum

Illustrated notes

Levels and vault maps discovered:
D:1:      dpeg_arrival_round_a, layout_basic,
          ebering_ecumenical_altar_abandoned, serial_shops, shop
D:2:      layout_basic, serial_undead, serial_undead_a, serial_undead_e,
          serial_undead_f, serial_undead_a, st_stairs_3, uniq_terence,
          uniq_jessica, uniq_natasha, uniq_sigmund
D:3:      layout_loops_cross, kennysheep_slug_shrine, gup_sewer_entry_spiral
D:4:      layout_rooms, minmay_temple_entry_fiery, serial_shops,
          nicolae_shop_stone, nicolae_shop_waterfront, kennysheep_mini
D:5:      layout_basic, dancing_weapons_uskayaw, zin_purify, uniq_ijyb
D:6:      nicolae_cairo_tiling_very_big, layout_basic, old_standard_altar,
          serial_shops, nicolae_stop_n_shop_2
D:7:      layout_loops_ring, mainiacjoe_overflow_paths, uniq_maggie,
          uniq_joseph, uniq_pikel
D:8:      lemuel_ice_statue, layout_loops_cross, vehumet_crystals,
          mainiacjoe_overflow_small_starburst
D:9:      wad_pebble_path, layout_irregular_city, minmay_orc_entry_guard_dogs,
          uniq_maurice, uniq_harold
D:10:     layout_cave_pools, mainiacjoe_overflow_brackets, trog_wizard,
          minmay_misc_feat_x, uniq_grum
D:11:     layout_small_grid, lair_entry_dummy, uniq_sonja, uniq_nergalle
D:12:     layout_loops_corners, special_room [special_room_bee],
          ebering_ghost_disaster_area, kb_rosetta
D:13:     layout_small_grid, kennysheep_generic_room_13
D:14:     layout_roguey, david_vaults_5, serial_corexii_hall,
          corexii_hall_statues_x, corexii_hall_statues_l,
          okawaru_ov_weapons_minmay
D:15:     gammafunk_enter_depths_forms, layout_long_grid, gammafunk_ghost_icy,
          lemuel_blue_sif_altar, minivault_14, amcnicky_altar_lugonu_corruption
Temple:   nicolae_temple_figure_eight
Lair:1:   layout_layer_cave, nicolae_volcano_entry_vermiform
Lair:2:   layout_regular_city, minmay_snake_entry_six_corridors,
          chequers_serial_rivers_small_3, nicolae_quartered_pool_super,
          beast_lair_carwin_9
Lair:3:   layout_gridlike, minmay_swamp_entry_swarm
Lair:4:   layout_hall_layers, minmay_slime_entry_oklob_enclosed,
          maelrawn_ghost_gauntlet_escape, beast_lair_carwin_7, uniq_urug
Lair:5:   grunt_lair_end_beastmaster, layout_layer_cave, gauntlet_entry_generic
Swamp:1:  nicolae_swamp_wrong_neighborhood, layout_falls_marsh,
          nicolae_swamp_some_circles
Swamp:2:  layout_basic_swamp, ebering_ghost_funeral_grove,
          evilmike_swamp_ruin_house_5, swamp_pool2
Swamp:3:  layout_basic_swamp, evilmike_swamp_ruin_house_3, swamp_pool1,
          st_swamp_ruins_2, infiniplex_staircase_pool
Swamp:4:  nzn_swamp_witches_coven, layout_basic_swamp
Snake:1:  nicolae_snakescales, layout_grid_shapes, basic_altar,
          nicolae_snake_boneroom, uniq_donald, uniq_aizul, uniq_frances
Snake:2:  layout_misc_corridors, nicolae_integral_box
Snake:3:  layout_basic, serial_shops, shop, gammafunk_ghost_abyssal_escape,
          corexii_hall_statues_l, nicolae_snake_guarding_the_ruins, uniq_agnes
Snake:4:  grunt_snake_rune_pools, layout_layer_cave, st_stairs_5,
          nicolae_snake_serpentine_hallways
Orc:1:    layout_caves, serial_shops, nicolae_shop_behind_doors, uniq_snorg
Orc:2:    grunt_orc_community_town_hall, layout_caves,
          grunt_orc_community_big_house_1, grunt_orc_community_big_house_1,
          grunt_orc_community_house_2, grunt_orc_community_house_2,
          grunt_orc_community_house_3, grunt_orc_community_house_1,
          grunt_orc_community_house_1
Elf:1:    elf_arrival_002, layout_geoelf_octagon, enter_trove_2, serial_shops,
          nicolae_take_the_stairs, minmay_elf_sorcery, uniq_roxanne, uniq_louise
Elf:2:    nicolae_elf_blades_splatter_lattice [nicolae_blade_tridents],
          layout_loops_ring, minmay_misc_feat_five
Elf:3:    minmay_elf_hall, layout_loops_cross, serial_shops,
          nicolae_shop_window_shopping, drop_trap, minivault_16,
          minmay_misc_feat_ornament, nicolae_shop_vocational
Vaults:1: v_rooms_1, vaults_mumra_hexcomb, v_misc_14,
          nicolae_vaults_yaktaur_gun_rack, dpeg_vaults_monster_box,
          nicolae_vaults_three_branches, layout_vaults_big_room
Vaults:2: vaults_dpeg_cross, vaults_standard_mumra_x, vaults_mumra_chevron_long,
          v_misc_16, st_more_cells, hangedman_vaults_corner_blocks,
          v_alt_pattern_1, v_misc_16, vaults_mumra_minichess, v_misc_11,
          vaults_room_stairs_pillars, vaults_room_stairs_pillars, v_misc_8,
          hangedman_vaults_snaps, ontoclasm_vaults_spin, layout_vaults_omnibox,
          serial_shops, shop, uniq_mennas
Vaults:3: v_misc_3, grunt_vaults_trifunnel, vaults_room_guarded_vault,
          vaults_dpeg_emergency_exit, hangedman_vaults_locks,
          vaults_dpeg_diagonal, nicolae_vaults_shelves_hall,
          layout_vaults_omnigrid, dummy_crypt_entry
Vaults:4: ploomutoo_gammafunk_ghost_potion_laboratory, dpeg_vaults_monster_row,
          hangedman_vaults_nails, v_misc_23, vaults_dpeg_doors,
          nicolae_vaults_hallways_thing, v_misc_9, v_pattern_4,
          nicolae_vaults_shelves_hall, v_rooms_6,
          ontoclasm_vaults_loading_screen, nicolae_vaults_little_squares_3,
          vaults_mumra_chevron, vaults_standard_mumra_enter_the_diamond,
          layout_vaults_maze
Depths:1: layout_basic, hell_entry, rand_demon_pan_entry_1,
          serial_co_window_serial, co_window_of_opportunity_a,
          co_window_paths_a, co_window_paths_b, co_window_paths_a,
          co_window_corner_a, co_window_corner_ca, co_window_broadway_b,
          co_window_broadway_c, co_window_2corner, co_window_of_opportunity_c,
          co_window_2corner, glass_columns_c, glass_columns_a, glass_columns_a,
          hangedman_abyss_entry_splay, minmay_misc_feat_pillars, moated_statue,
          corexii_leaking_fountain, kennysheep_small_square, uniq_sojobo,
          uniq_asterion, uniq_saint_roka
Depths:2: minmay_glassy_protrusions, layout_cave_shapes, grunt_pan_entry_spiral,
          hell_entry, hellmonk_bongcloud_opening, infiniplex_staircase_star
Depths:3: minmay_two_paths, layout_gridville, enter_ziggurat_c, abyss_entry,
          pf_hell_entry_tar_river, minmay_misc_feat_room,
          yredelemnul_altar_generic, roderic_lattice_octagonal_star,
          uniq_josephina, uniq_boris
Depths:4: hangedman_spin_cycle, hell_entry, uniq_frederick

Skill      XL: |  1  2  3  4  5  6  7  8  9 10 11 12 13 14 15 16 17 18 19 20 21 22 23 24 |
---------------+-------------------------------------------------------------------------+-----
Stealth        | 2 3 5 8 9 11 13 14 15 16 18 19 20 22 23 24 27 | 27.0
Fighting       | 3 5 7 9 10 12 13 14 15 | 15.0
Short Blades   | 5 7 9 10 | 10.5
Shields        | 2 4 5 10 | 10.0
Evocations     | 4 7 10 11 13 14 15 17 20 | 20.0
Dodging        | 5 8 10 12 14 15 | 15.0
Armour         | 2 6 9 10 | 10.0
Translocations | 7 11 13 14 15 | 15.0
Hexes          | 6 9 11 12 | 12.6
Spellcasting   | 5 8 9 |  9.8
Summonings     | 5 7 |  7.8
Conjurations   | |  3.0

Action                   |  1- 3 |  4- 6 |  7- 9 | 10-12 | 13-15 | 16-18 | 19-21 | 22-24 || total
-------------------------+-------+-------+-------+-------+-------+-------+-------+-------++-------
Melee: Short sword       |    72 |    73 |    94 |   422 |  1093 |  1179 |  1788 |  1868 ||  6589
       War axe           |       |    10 |   142 |    50 |       |       |       |       ||   202
       Punch             |       |       |     2 |       |       |       |       |       ||     2
       Dagger            |       |       |    66 |    52 |   445 |    87 |    47 |       ||   697
       Quick blade       |       |       |       |       |       |       |       |   307 ||   307
Throw: Dart              |       |       |       |     3 |    20 |    13 |     4 |       ||    40
 Cast: Kiss of Death     |     2 |       |       |       |       |       |       |       ||     2
       Dispersal         |       |       |       |       |       |       |       |     8 ||     8
Invok: Lunge             |       |       |    34 |    55 |   168 |   135 |   204 |   143 ||   739
       Whirlwind         |       |       |     5 |     7 |   153 |    68 |    92 |   188 ||   513
       Serpent's Lash    |       |       |       |       |     5 |     5 |     2 |     9 ||    21
 Abil: Wall Jump         |       |       |       |       |     5 |       |       |       ||     5
Evoke: Wand              |       |       |       |     3 |     7 |    90 |    59 |    23 ||   182
       Lightning rod     |       |       |       |     1 |     1 |     5 |    12 |    21 ||    40
       Tin of tremorston |       |       |       |       |       |       |     4 |     3 ||     7
       Box of beasts     |       |       |       |       |       |       |     2 |     7 ||     9
       Phantom mirror    |       |       |       |       |       |       |       |     5 ||     5
  Use: Potion            |     1 |       |     2 |       |     1 |     4 |     2 |    15 ||    25
       Scroll            |       |       |     3 |       |    16 |    19 |    11 |    25 ||    74
 Stab: Sleeping          |    12 |    15 |    80 |    46 |   123 |   127 |   124 |   119 ||   646
       Distracted        |       |       |     4 |     6 |    20 |    17 |    29 |    25 ||   101
       Betrayed ally     |       |       |       |       |       |     2 |       |       ||     2
       Invisible         |       |       |       |       |       |       |       |     4 ||     4
Armor: Leather armour    |     6 |    28 |    47 |       |       |       |       |       ||    81
       Steam dragon scal |       |       |    31 |    22 |       |       |       |       ||    53
       Ring mail         |       |       |       |   103 |   250 |   256 |   145 |   260 ||  1014
       Scale mail        |       |       |       |    16 |       |       |       |       ||    16
       Chain mail        |       |       |       |       |       |       |   181 |       ||   181
Dodge: Dodged            |    42 |    66 |   189 |   211 |   674 |   662 |   602 |   922 ||  3368
       Repelled          |       |       |       |       |       |     8 |    37 |       ||    45
Block: Buckler           |       |       |    28 |   132 |   275 |   283 |   339 |   576 ||  1633

Table legend: (Time is in decaauts)
 A = Elapsed time spent in this place.
 B = Non-inter-level travel time spent in this place.
 C = Inter-level travel time spent in this place.
 D = Time resting spent in this place.
 E = Time spent auto-exploring this place.
 F = Levels seen in this place.
 G = Mean time per level.
                   A        B        C        D        E       F      G
               +--------+--------+--------+--------+--------+-----+--------+
         Total |  66094 |  61478 |   4616 |  12081 |  33443 |  44 | 1502.1 |
       Dungeon |  17850 |  16179 |   1671 |   1374 |  10891 |  15 | 1190.0 |
        Temple |    213 |    194 |     19 |      0 |    193 |   1 |  213.0 |
          Lair |   9064 |   8567 |    497 |   1286 |   5553 |   5 | 1812.8 |
         Swamp |   5388 |   5102 |    286 |   1908 |   1256 |   4 | 1347.0 |
     Snake Pit |   7842 |   7615 |    227 |   1905 |   3769 |   4 | 1960.5 |
  Orcish Mines |   3104 |   2895 |    209 |    316 |   1709 |   2 | 1552.0 |
   Elven Halls |   6198 |   5561 |    637 |   1656 |   2249 |   3 | 2066.0 |
        Vaults |   7706 |   7365 |    341 |    426 |   5239 |   4 | 1926.5 |
        Depths |   7968 |   7244 |    724 |   3209 |   2335 |   4 | 1992.0 |
         Sewer |    388 |    388 |      0 |      0 |    100 |   1 |  388.0 |
      Gauntlet |    369 |    369 |      0 |      0 |    148 |   1 |  369.0 |
               +--------+--------+--------+--------+--------+-----+--------+

Top non-repeatable levels by time:
Depths:1: 4116 daAuts
 Snake:4: 3056 daAuts
   Elf:1: 2663 daAuts
Vaults:3: 2511 daAuts
  Lair:5: 2407 daAuts
 Snake:3: 2255 daAuts
   Orc:2: 2138 daAuts
    D:15: 2133 daAuts
   Elf:3: 2131 daAuts
Vaults:2: 2120 daAuts
 Swamp:3: 2117 daAuts
  Lair:4: 1849 daAuts
  Lair:1: 1771 daAuts
    D:14: 1751 daAuts
  Lair:2: 1725 daAuts
